 Dungeon Crawl Stone Soup version 0.32-a0-933-ga8fa363 (webtiles) character file.

Game seed: 847777010447938934

12467336 rotlqkf the Conqueror (level 27, 419/419 HPs)
             Began as an Oni Artificer on Apr 14, 2024.
             Was an Initiate of Gozag.
             Escaped with the Orb
             ... and 15 runes!
             The game lasted 03:39:41 (130597 turns).

rotlqkf the Conqueror (Oni Artificer)             Turns: 130597, Time: 03:39:42

Health: 419/419    AC: 41    Str: 41    XL:     27
Magic:  63/63      EV: 23    Int: 21    God:    Gozag
Gold:   30105      SH:  0    Dex: 15    Spells: 57/80 levels left

rFire   + + +        a - +9 giant spiked club (heavy)
rCold   + + +        (shield currently unavailable)
rNeg    + + .        h - melded +0 robe "Gueczef" {rC+++ rN+ MP+9 Str-3}
rPois   ∞            P - +2 hat {Int+3}
rElec   +            I - +0 cloak of Muttered Phrases {+Inv rC+++ rN+ Dex+3}
rCorr   .            (gloves unavailable)
SInv    +            (boots unavailable)
Will    +++..        y - amulet "Etiottih" {Acrobat Harm Str+4 Dex+4}
Stlth   +            g - ring of Posex Tek {rF+ Will+ MP+9 Str+3 Stlth+}
HPRegen 0.89/turn    Z - ring "Fodumim" {Str-2 Int+5 Slay+4 SInv}
MPRegen 0.38/turn

%: harm (+30% outgoing, +20% incoming), acrobat
@: statue-form, studying 4 skills, very slow
A: slow and powerful, torment resistance 1, boosted hp, large, unfitting armour,
horns 1, (tough skin 1), double potion healing, drunken brawling, (iridescent
scales 1), see invisible, fire resistance 2, poison resistance, strong 1
0: Orb of Zot
}: 15/15 runes: decaying, slimy, silver, golden, iron, obsidian, icy, bone,
abyssal, demonic, glowing, magical, fiery, dark, gossamer
a: Begin Untransformation, Renounce Religion, Evoke Invisibility, Potion
Petition, Call Merchant, Bribe Branch


You escaped.
You worshipped Gozag.
Gozag was extremely pleased with you.
You were a living statue of rough stone.
You visited 18 branches of the dungeon, and saw 88 of its levels.
You visited Pandemonium 1 time, and saw 16 of its levels.
You visited the Abyss 2 times.
You visited 1 ziggurat, and saw 20 of its levels.
You also visited: Ice Cave and Desolation.

You collected 67765 gold pieces.
You spent 3148 gold pieces at shops.
You paid 34512 gold pieces to Gozag.

Inventory:

Hand Weapons
 a - a +9 heavy giant spiked club (weapon)
 b - a +9 spectral giant spiked club
Missiles
 K - 14 curare-tipped darts
Armour
 h - the +0 robe "Gueczef" (melded) {rC+++ rN+ MP+9 Str-3}
   (You bought it in a shop on level 2 of the Orcish Mines)

   Str-3:     It affects your strength (-3).
   rC+++:     It renders you almost immune to cold.
   rN+:       It protects you from negative energy.
   MP+9:      It affects your magic capacity (+9).
 k - the +3 crown of Dyrovepreva {rElec Int+2 SInv}
   (You found it in the Desolation of Salt)

   Int+2:     It affects your intelligence (+2).
   rElec:     It insulates you from electricity.
   SInv:      It lets you see invisible.
 I - the +0 cloak of Muttered Phrases (worn) {+Inv rC+++ rN+ Dex+3}
   (You found it on level 1 of the Spider Nest)

   Dex+3:     It affects your dexterity (+3).
   rC+++:     It renders you almost immune to cold.
   rN+:       It protects you from negative energy.
   +Inv:      It lets you turn invisible.
 M - the -2 hat of the Alchemist {rElec rPois rF+ rC+ rN+ Will+ rMut rCorr}
   (You found it on level 17 of a ziggurat)

   rF+:       It protects you from fire.
   rC+:       It protects you from cold.
   rElec:     It insulates you from electricity.
   rPois:     It protects you from poison.
   rN+:       It protects you from negative energy.
   Will+:     It increases your willpower.
   rCorr:     It protects you from acid and corrosion.
   rMut:      It protects you from mutation.
 P - a +2 hat of intelligence (worn)
Jewellery
 g - the ring of Posex Tek (left fist) {rF+ Will+ MP+9 Str+3 Stlth+}
   (You found it in the Desolation of Salt)

   [ring of protection from fire]

   Str+3:     It affects your strength (+3).
   rF+:       It protects you from fire.
   Will+:     It increases your willpower.
   MP+9:      It affects your magic capacity (+9).
   Stlth+:    It makes you more stealthy.
 o - the amulet "Nanye" {rPois rN+ Regen+ Dex+2}
   (You found it on level 4 of a ziggurat)

   [amulet of regeneration]

   Dex+2:     It affects your dexterity (+2).
   rPois:     It protects you from poison.
   rN+:       It protects you from negative energy.
   Regen+:    It increases your rate of health regeneration.
 y - the amulet "Etiottih" (around neck) {Acrobat Harm Str+4 Dex+4}
   (You found it on level 7 of Gehenna)

   [amulet of the acrobat]

   Acrobat:   It increases your evasion while moving and waiting.
   Str+4:     It affects your strength (+4).
   Dex+4:     It affects your dexterity (+4).
   Harm:      It increases damage dealt and taken.
 V - the ring of the Nurturing Gods {Fire ^Contam rElec MP+9 Str+7}
   (You found it on level 8 of a ziggurat)

   [ring of fire]

   Fire:      It enhances your fire magic.
   Str+7:     It affects your strength (+7).
   rF+:       It protects you from fire.
   rC-:       It makes you vulnerable to cold.
   rElec:     It insulates you from electricity.
   MP+9:      It affects your magic capacity (+9).
   ^Contam:   It causes magical contamination when unequipped.
 Z - the ring "Fodumim" (right fist) {Str-2 Int+5 Slay+4 SInv}
   (You took it off a deep elf knight on level 3 of the Elven Halls)

   [ring of slaying]

   Str-2:     It affects your strength (-2).
   Int+5:     It affects your intelligence (+5).
   Slay+4:    It affects your accuracy & damage with ranged weapons and melee
   (+4).
   SInv:      It lets you see invisible.
Talismans
 e - a talisman of death
 i - a granite talisman (active)
Wands
 D - a wand of paralysis (48)
 N - a wand of digging (48)
 O - a wand of roots (103)
 R - a wand of quicksilver (59)
 W - a wand of polymorph (13)
Scrolls
 l - 2 scrolls of revelation
 q - 37 scrolls of teleportation
 r - 10 scrolls of poison
 s - 10 scrolls of silence
 w - 18 scrolls of noise
 A - 9 scrolls of blinking
 B - 6 scrolls of torment
 E - 10 scrolls of vulnerability
 F - 16 scrolls of fog
 G - 18 scrolls of immolation
 H - 5 scrolls of butterflies
 Q - 16 scrolls of amnesia
Potions
 d - 4 potions of berserk rage
 j - 10 potions of might
 m - 5 potions of invisibility
 n - 30 potions of curing
 p - 14 potions of ambrosia
 t - 9 potions of brilliance
 u - 8 potions of cancellation
 v - a potion of magic
 x - 4 potions of resistance
 z - 10 potions of attraction
 C - 8 potions of enlightenment
 T - 10 potions of lignification
 U - 10 potions of mutation
 X - 10 potions of heal wounds
 Y - 8 potions of haste
Miscellaneous
 c - a phantom mirror
 f - a condenser vane
 J - a lightning rod (4/4)
 L - a box of beasts
 S - a Gell's gravitambourine (2/2)


   Skills:
 O Level 27 Fighting
 O Level 27 Maces & Flails
 O Level 27 Dodging
 - Level 0.6 Stealth
 O Level 27 Spellcasting
 O Level 27 Hexes
 O Level 27 Translocations
 O Level 27 Fire Magic
 + Level 3.6 Evocations
 - Level 25.0 Shapeshifting


You had 57 spell levels left.
You knew the following spells:

 Your Spells              Type           Power      Damage    Failure   Level
a - Manifold Assault      Tloc           48%        N/A       0%          7
b - Discord               Hex            48%        N/A       1%          8
c - Ignition              Fire           48%        3d14      1%          8

Your spell library contained the following spells:

 Spells                   Type           Power      Damage    Failure   Level
 Apportation              Tloc           100%       N/A       0%          1
 Slow                     Hex            100%       N/A       0%          1
 Blink                    Tloc           100%       N/A       0%          2
 Ensorcelled Hibernation  Hex/Ice        100%       N/A       0%          2
 Jinxbite                 Hex            100%       N/A       0%          2
 Lesser Beckoning         Tloc           100%       N/A       0%          2
 Momentum Strike          Conj/Tloc      100%       3d10      0%          2
 Scorch                   Fire           100%       2d9       0%          2
 Confusing Touch          Hex            96%        N/A       0%          3
 Dazzling Flash           Conj/Hex       100%       N/A       0%          3
 Inner Flame              Hex/Fire       96%        N/A       0%          3
 Maxwell's Portable Pile  Tloc           96%        2d(14-42) 0%          3
 Sigil of Binding         Hex            96%        N/A       0%          3
 Teleport Other           Tloc           96%        N/A       0%          3
 Tukima's Dance           Hex            96%        N/A       0%          3
 Volatile Blastmotes      Fire/Tloc      100%       2d18      0%          3
 Cause Fear               Hex            48%        N/A       0%          4
 Dimensional Bullseye     Hex/Tloc       48%        N/A       0%          4
 Dispersal                Tloc           48%        N/A       0%          6
 Gell's Gavotte           Tloc           48%        2d(33-49) 0%          6
 Enfeeble                 Hex            48%        N/A       0%          7
 Freeze                   Ice            100%       1d10      1%          1
 Kiss of Death            Conj/Necr      100%       2d13      1%          1
 Necrotise                Necr           100%       1d9       1%          1
 Shock                    Conj/Air       100%       1d9       1%          1
 Sting                    Conj/Alch      100%       1d9       1%          1
 Summon Small Mammal      Summ           100%       N/A       1%          1
 Call Imp                 Summ           56%        N/A       1%          2
 Cigotuvi's Dreadful Rot  Necr/Alch/Air  56%        N/A       1%          2
 Mercury Vapours          Alch/Air       56%        N/A       1%          2
 Static Discharge         Conj/Air       56%        3-6/arc   1%          2
 Anguish                  Hex/Necr       35%        N/A       1%          4
 Ignite Poison            Fire/Alch      71%        N/A       1%          4
 Iskenderun's Mystic Bla  Conj/Tloc      71%        2d14      (+2d81%     4
 Sticky Flame             Fire/Alch      71%        2d11      1%          4
 Summon Blazeheart Golem  Fire/Summ      71%        N/A       1%          4
 Fireball                 Conj/Fire      35%        3d15      1%          5
 Metabolic Englaciation   Hex/Ice        35%        N/A       1%          5
 Silence                  Hex/Air        35%        N/A       1%          5
 Summon Forest            Summ/Tloc      35%        N/A       1%          5
 Summon Mana Viper        Hex/Summ       71%        N/A       1%          5
 Yara's Violent Unravell  Hex/Alch       35%        3d14      1%          5
 Starburst                Conj/Fire      35%        6d10      1%          6
 Disjunction              Tloc           48%        N/A       1%          8
 Call Canine Familiar     Summ           28%        N/A       3%          3
 Frozen Ramparts          Ice            56%        1d9       3%          3
 Fugue of the Fallen      Necr           28%        N/A       3%          3
 Hailstorm                Conj/Ice       28%        3d8       3%          3
 Mephitic Cloud           Conj/Alch/Air  28%        N/A       3%          3
 Ozocubu's Armour         Ice            28%        N/A       3%          3
 Passwall                 Erth           28%        N/A       3%          3
 Stone Arrow              Conj/Erth      56%        3d10      3%          3
 Summon Ice Beast         Ice/Summ       28%        N/A       3%          3
 Swiftness                Air            28%        N/A       3%          3
 Vampiric Draining        Necr           28%        2d8       3%          3
 Malign Gateway           Summ/Tloc      35%        N/A       3%          7
 Airstrike                Air            14%        2d(2-18)  11%         4
 Animate Armour           Summ/Erth      56%        N/A       11%         4
 Brom's Barrelling Bould  Conj/Erth      28%        2d5       11%         4
 Dispel Undead            Necr           28%        3d13      11%         4
 Fulminant Prism          Conj/Alch      14%        3d9       11%         4
 Leda's Liquefaction      Alch/Erth      14%        N/A       11%         4
 Martyr's Knell           Necr/Summ      28%        N/A       11%         4
 Olgreb's Toxic Radiance  Alch           28%        N/A       11%         4
 Petrify                  Alch/Erth      28%        N/A       11%         4
 Summon Lightning Spire   Summ/Air       28%        N/A       11%         4
 Alistair's Intoxication  Alch           18%        N/A       30%         5
 Arcjolt                  Conj/Air       14%        1d24      30%         5
 Borgnjor's Vile Clutch   Necr/Erth      14%        N/A       30%         5
 Curse of Agony           Necr           28%        N/A       30%         5
 Freezing Cloud           Conj/Ice/Air   14%        6-21      30%         5
 Irradiate                Conj/Alch      14%        3d16      30%         5
 Lee's Rapid Deconstruct  Erth           14%        3d9*      30%         5
 Bombard                  Conj/Erth      14%        9d3       86%         6
 Death Channel            Necr           14%        N/A       86%         6
 Eringya's Noxious Bog    Alch           14%        4d6       86%         6
 Permafrost Eruption      Ice/Erth       14%        2x4d4     86%         6
 Sculpt Simulacrum        Ice/Alch       14%        N/A       86%         6
 Summon Cactus Giant      Summ           14%        N/A       86%         6
 Haunt                    Necr/Summ      14%        N/A       100%        7
 Monstrous Menagerie      Summ           14%        N/A       100%        7
 Orb of Destruction       Conj           14%        9d7       100%        7
 Ozocubu's Refrigeration  Ice            14%        4d10      100%        7
 Spellforged Servitor     Conj/Summ      14%        N/A       100%        7
 Summon Hydra             Summ           14%        N/A       100%        7
 Borgnjor's Revivificati  Necr           14%        N/A       100%        8
 Infestation              Necr           14%        N/A       100%        8
 Lehudib's Crystal Spear  Conj/Erth      14%        10d5      100%        8
 Maxwell's Capacitive Co  Air            14%        ∞         100%        8
 Summon Horrible Things   Summ           14%        N/A       100%        8
 Death's Door             Necr           14%        N/A       100%        9
 Dragon's Call            Summ           14%        N/A       100%        9
 Sublimation of Blood     Necr           Unusable   N/A       N/A         2
 Animate Dead             Necr           Unusable   N/A       N/A         4

Dungeon Overview and Level Annotations

Branches:
Dungeon (15/15)            Temple (1/1) D:6            Lair (5/5) D:10
  Swamp (4/4) Lair:2       Spider (4/4) Lair:3        Slime (5/5) Lair:4
    Orc (2/2) D:10            Elf (3/3) Orc:2        Vaults (5/5) D:13
  Crypt (3/3) Vaults:2       Tomb (3/3) Crypt:3      Depths (4/4) D:15
   Hell (visited)             Dis (7/7) Hell            Geh (7/7) Hell
    Coc (7/7) Hell            Tar (7/7) Hell            Zot (5/5) Depths:4
  IceCv (visited)         Desolation (visited)

Altars:
Ashenzari
Cheibriados
Dithmenos
Elyvilon
Fedhas
Gozag
Hepliaklqana
Kikubaaqudgha
Makhleb
Nemelex Xobeh
Okawaru
Qazlal
Ru
Sif Muna
Trog
Uskayaw
Vehumet
Wu Jian
Xom
Yredelemnul
Zin
The Shining One
Jiyva
Lugonu

Shops:
D:6 [   D:9 =:**   D:12 *   D:15 [   Orc:1 !   Orc:2 :*[(   Elf:2 !??
Vaults:3 *

Portals:
Hell: Depths:1 Depths:2 Depths:3 Depths:4
Abyss: Depths:1 Depths:2 Depths:3 Depths:4
Pandemonium: Depths:2 Depths:3

Annotations:
D:15 2 transporters, Ytoxtayn's ghost, adept CoBe
Elf:1 exclusion: orange crystal statue


Innate Abilities, Weirdness & Mutations

You are a living statue of rough stone.
Your actions are slow, but your melee attacks are powerful.
You are resistant to unholy torment.
Your maximum health is greatly increased.
Your equipment is partially melded.
You are too large for most types of armour.
You are immune to poison.
You have a pair of small horns on your head.
((You have tough skin. (AC +1)))
You gain doubled healing and magic from potions.
Whenever you drink a healing potion, you attack all around you.
((You are partially covered in iridescent scales. (AC +2)))
You have supernaturally acute eyesight. (SInv)
Your flesh is very heat resistant. (rF++)
Your system is resistant to poisons. (rPois)
Your muscles are strong. (Str +4, Int/Dex -1)


Message History

There is a fountain of clear blue water here.
Your extra speed is starting to run out.
There is a dry fountain here.
You feel yourself slow down.
There is an open door here.
There is a stone staircase leading up here.
You climb upwards.
There is a stone staircase leading down here.
You see here a +0 plate armour.
You see here a +0 robe.
There is a stone staircase leading up here.
You climb upwards.
There is a stone staircase leading down here.
Okay, then.
A rakshasa and a giant cockroach come into view.
The rakshasa is wielding a +1 trident of venom.
Space momentarily warps into an impossible shape!
You beat the rakshasa like a drum!!!!!
You kill the rakshasa!
You pound the giant cockroach like an anvil!!!!!
You kill the giant cockroach!
You can't see any susceptible monsters within range! (Use Z to cast anyway.)
You can't see any susceptible monsters within range! (Use Z to cast anyway.) Magic restored.
A jackal is nearby!
Space momentarily warps into an impossible shape!
The jackal barks!
You pound the jackal like an anvil!!!
You kill the jackal!
You can't see any susceptible monsters within range! (Use Z to cast anyway.)
Things that are here:
a +0 club; a goblin skeleton A Tzitzimitl comes into view.
Space momentarily warps into an impossible shape!
You perforate the Tzitzimitl like a sieve!!!!!
You kill the Tzitzimitl!
You can't see any susceptible monsters within range! (Use Z to cast anyway.)
You can't see any susceptible monsters within range! (Use Z to cast anyway.)
There is a staircase leading out of the dungeon here.
You have escaped!

#....... ########
##### ##### ##### #
#..(# #...# #...# #
#.ß.# #...# #.^.# #
#...###...###...###
#..................
#.I................
#.........$........
#...###...###...###
#.ß.# #.^.# #...# #
#...# #...# #...# #
##### ##### ##### #


There were no monsters in sight!

Vanquished Creatures
  Cerebov (Pan)
  Antaeus (Coc:7)
  Asmodeus (Geh:7)
  the Royal Jelly (Slime:5)
  Dissolution (Slime:2)
  Ereshkigal (Tar:7)
  Mnoleg (Pan)
  Gloorx Vloq (Pan)
  Lom Lobon (Pan)
  the Serpent of Hell (Geh:7)
  Dispater (Dis:7)
  11 dread liches
  Khufu (Crypt:3)
  20 ancient liches
  Mennas (Pan)
  7 orbs of fire
  3 juggernauts (Dis:7)
  34 royal mummies
  Josephina (Depths:4)
  Boris (twice) (Vaults:4 Tomb:2)
  8 Killer Klowns
  Margery (Vaults:2)
  22 shard shrikes
  Geryon (Hell)
  2 curse toes
  14 pandemonium lords
  24 caustic shrikes
  11 golden dragons
  8 profane servitors
  15 doom hounds
  16 Brimstone Fiends
  22 bone dragons
  12 Tzitzimimeh
  2 electric golems (Zot:5)
  2 spectral shard shrikes
  10 hellephants
  5 iron giants
  24 tentacled monstrosities
  11 tainted leviathans
  34 Hell Sentinels
  15 Ice Fiends
  2 walking crystal tomes
  The ghost of NahIdwin the Skinwalker, an adept OpSh of Gozag (Elf:3)
  34 Orb Guardians
  A quicksilver dragon (shapeshifter) (Zig:17)
  15 liches
  2 walking frostbound tomes
  4 deep elf blademasters (Elf:3)
  2 walking earthen tomes
  8 quicksilver dragons
  23 searing wretches
  20 acid blobs
  10 sphinxes
  3 deep elf master archers
  11 titans
  4 thorn hunters (Swamp:4)
  32 Executioners
  2 death cobs
  An eldritch tentacle (Pan)
  57 ancient champions
  Agnes (D:15)
  9 tengu reavers
  15 storm dragons
  21 shadow dragons
  Roxanne (D:15)
  The ghost of phantasmist the Warrior, an adept CoBe of Trog (Spider:1)
  A nagaraja (Pan)
  Kirke (Lair:5)
  21 tentacled starspawn
  2 fenstrider witches (Pan)
  20 azure jellies
  18 revenants
  13 protean progenitors
  16 demonspawn warmongers
  16 narguns
  13 rockslimes
  22 frost giants
  The ghost of Ifebrim the Warrior, an adept CoWn of Hepliaklqana (Spider:4)
  35 fire giants
  5 draconian monks
  22 vault wardens
  12 quicksilver elementals
  A spectral caustic shrike (Tar:1)
  14 iron dragons
  13 deep elf sorcerers
  8 emperor scorpions
  4 draconian knights
  A deep elf elementalist (Elf:3)
  6 draconian shifters
  3 imperial myrmidons (Desolation)
  11 curse skulls
  5 caustic shrike zombies
  4 spectral juggernauts
  5 draconian scorchers
  43 reapers
  16 ghouls
  7 broodmothers
  7 orc warlords
  69 balrugs
  8 draconian annihilators
  5 ghost moths
  13 demonspawn corrupters
  38 cacodemons
  7 juggernaut skeletons
  An angel (Pan)
  6 draconian stormcallers
  3 juggernaut zombies
  7 shard shrike simulacra
  6 spriggan defenders
  14 quicksilver oozes
  28 very ugly things
  27 ironbound preservers
  13 formless jellyfish
  9 ironbound thunderhulks
  26 stone giants
  12 demonspawn blood saints
  Nessos (D:13)
  25 elemental wellsprings
  2 halazid warlocks (Desolation)
  6 caustic shrike skeletons
  17 black draconians
  7 deep elf demonologists (Elf:3)
  13 putrid mouths
  11 deep elf death magi
  2 spectral titans (Tar:1)
  7 deep elf annihilators
  14 demonspawn black suns
  13 vampire knights
  8 green draconians
  12 bennus
  2 minotaurs (Pan)
  17 wendigos
  5 bunyips
  19 lorocyprocas
  The ghost of Vaohelu the Eclecticist, a journeyman DjFE of Jiyva (D:13)
  13 spark wasps
  15 yellow draconians
  4 eleionomae
  50 war gargoyles
  7 purple draconians
  35 blizzard demons
  14 dire elephants
  10 white draconians
  16 ettins
  16 iron golems
  19 fire dragons
  18 eidola
  24 green deaths
  3 entropy weavers (shapeshifter)
  29 mummy priests
  2 quicksilver dragon zombies
  2 crystal guardians
  5 red draconians
  23 jiangshi
  4 spectral spriggans
  7 deep elf high priests
  2 entropy weavers (Vaults:5)
  A spectral shadow dragon (Zig:19)
  14 yaktaur captains
  11 ragged hierophants (Desolation)
  14 servants of whispers (Desolation)
  13 great orbs of eyes
  A shambling mangrove (Swamp:4)
  5 spriggan air magi (Depths:2)
  9 peacekeepers
  6 catoblepae
  17 caustic shrike simulacra
  2 ghost crabs
  6 salamander tyrants
  3 rakshasas
  3 hell beasts
  4 jorogumos
  11 juggernaut simulacra
  29 hydras
  14 ice dragons
  33 vault guards
  3 ogre magi
  12 boulder beetles
  10 ironbound frosthearts
  7 centaur warriors
  3 spriggan skeletons
  A radroach (Spider:2)
  3 satyrs
  35 dancing weapons
  6 merfolk aquamancers (Pan)
  6 death knights
  A spectral stone giant (Tar:1)
  8 alligators
  13 two-headed ogres
  5 tengu warriors
  A spectral draconian (Tar:1)
  52 death scarabs
  A satyr (shapeshifter) (Zig:17)
  14 deep troll earth magi
  35 demonic crawlers
  2 sphinx skeletons (Zig:18)
  10 deep troll shamans
  2 naga warriors (Abyss:3)
  18 stokers
  53 hell hogs
  5 spriggan berserkers
  Urug (D:13)
  3 occultists
  9 orc high priests
  A shock serpent (shapeshifter) (Vaults:5)
  A spectral dire elephant (Tar:1)
  32 thrashing horrors
  18 vampire magi
  50 soul eaters
  2 titan zombies
  113 sun demons
  19 crystal echidnas
  A skyshark (shapeshifter) (Zig:17)
  23 hell knights
  11 iron trolls
  21 deep elf knights
  3 hellephant skeletons (Pan)
  3 storm dragon zombies (Hell)
  2 titan skeletons
  A fire crab (shapeshifter) (Zig:6)
  A sea snake (shapeshifter) (Zig:17)
  8 skysharks
  A fire crab (Lair:5)
  37 sixfirhies
  A spectral anaconda (Tar:6)
  8 pharaoh ants
  53 skeletal warriors
  A spatial maelstrom (Abyss:3)
  67 deep trolls
  A salamander mystic (Depths:2)
  23 wretched stars
  5 quicksilver dragon simulacra (Coc:7)
  27 shadow wraiths
  10 deep elf archers
  A spark wasp zombie (Zig:10)
  A storm dragon skeleton (Zig:18)
  An iron troll (shapeshifter) (Zig:17)
  4 spriggan druids
  5 death drakes
  2 anaconda zombies (Hell)
  A golden dragon zombie (Zig:18)
  16 flayed ghosts
  6 glowing orange brains
  3 sea snakes (Pan)
  3 goliath frogs
  4 arcanists
  37 shadow demons
  14 orb spiders
  3 golden dragon skeletons
  7 obsidian statues
  A glowing orange brain (shapeshifter) (Zig:17)
  4 orange crystal statues
  14 sun moths
  14 swamp dragons
  4 thermic dynamos
  An anaconda skeleton (Hell)
  3 kraken simulacra (Coc:7)
  13 bog bodies
  5 spriggan simulacra
  14 ironbound convokers
  2 tengu zombies (Hell)
  68 starcursed masses
  21 deep elf zephyrmancers
  A spectral hydra (Tar:7)
  8 lindwurms
  A shadow dragon zombie (Zig:10)
  7 steelbarb worms
  2 fenstrider witch simulacra
  5 obsidian bats
  13 phantasmal warriors
  A sphinx simulacrum (Zig:10)
  7 orc sorcerers
  20 necromancers
  27 deep elf pyromancers
  9 harpies
  12 orc knights
  An alligator zombie (Hell)
  2 shadow dragon skeletons (Zig:18)
  A fire giant zombie (Hell)
  7 shining eyes
  3 tengu skeletons
  31 ugly things
  3 draconians (Abyss:4)
  A frost giant zombie (Hell)
  An oklob plant (Swamp:2)
  27 wolf spiders
  A spectral merfolk (Tar:2)
  3 stone giant zombies (Hell)
  11 manticores
  A manticore (shapeshifter) (Zig:6)
  A faun (shapeshifter) (Zig:6)
  5 cyclopes
  A shining eye (shapeshifter) (D:13)
  2 iron dragon skeletons
  85 large abominations
  A human skeleton (Vaults:3)
  2 salamanders (Depths:2)
  An alligator skeleton (Hell)
  26 moths of wrath
  9 will-o-the-wisps
  9 worldbinders
  6 kobold blastminers
  3 fire giant skeletons
  18 vault sentinels
  5 apocalypse crabs
  6 black mambas
  A guardian serpent (shapeshifter) (Zig:17)
  5 ice statues
  7 meliai
  10 rust devils
  3 titan simulacra
  2 naga zombies (Tomb:3)
  6 guardian serpents
  5 eyes of devastation
  An alligator snapping turtle zombie (Abyss:3)
  97 smoke demons
  6 torpor snails
  2 storm dragon simulacra
  3 unseen horrors
  2 cane toads (shapeshifter)
  2 eyes of devastation (shapeshifter)
  42 orange demons
  10 cane toads
  7 rime drakes
  3 centaur skeletons
  53 hellions
  8 molten gargoyles
  An unseen horror (shapeshifter) (Elf:3)
  21 freezing wraiths
  A minotaur zombie (Abyss:3)
  16 efreet
  25 yaktaurs
  An iron giant simulacrum (Coc:3)
  19 komodo dragons
  2 yaktaurs (shapeshifter)
  3 kobold demonologists (D:12)
  2 sea snake zombies (Hell)
  13 ice devils
  3 harpy zombies
  An alligator snapping turtle skeleton (Crypt:1)
  3 golden dragon simulacra
  8 catoblepas skeletons (Abyss:4)
  34 tormentors
  12 ancient zymes
  6 anaconda simulacra
  2 tengu conjurers
  7 red devils
  The ghost of AlexanderH the Digger, an amateur DrEE (D:4)
  3 spectral nagas
  11 trolls
  5 tyrant leeches
  6 spectral harpies
  63 guardian mummies
  A hydra zombie (Crypt:1)
  A polar bear (Lair:2)
  A queen bee (Spider:1)
  2 harpy skeletons
  2 silent spectres (Tar:5)
  A black draconian skeleton (Crypt:2)
  A fire dragon zombie (Crypt:1)
  2 hydra skeletons (Hell)
  A spectral swamp dragon (Tar:1)
  2 alligator simulacra
  48 hellwings
  5 iron dragon simulacra
  36 jumping spiders
  A hornet (shapeshifter) (D:13)
  23 tarantellas
  A tengu simulacrum (Depths:4)
  2 wind drakes (Zig:16)
  14 hornets
  74 saltlings (Desolation)
  2 spriggan zombies
  33 blink frogs
  47 raiju
  A frost giant simulacrum (Depths:1)
  4 glass eyes
  3 stone giant simulacra
  131 slime creatures
  16 culicivoras
  A spriggan (shapeshifter) (D:15)
  5 dire elephant simulacra
  2 naga simulacra (Coc:3)
  2 air elementals
  5 shadows
  27 small abominations
  A guardian serpent skeleton (Crypt:1)
  4 basilisks
  12 spriggans
  3 water elementals
  56 ynoxinuls
  16 wyverns
  11 ushabtiu
  11 wargs
  12 wraiths
  2 yaks (shapeshifter) (Zig:17)
  An ettin skeleton (Tomb:1)
  2 vampires
  A fire elemental (Abyss:3)
  43 yaks
  A basilisk (shapeshifter) (D:13)
  3 fire bats (Pan)
  A human (Lair:5)
  33 neqoxecs
  2 hogs (Lair:5)
  20 golden eyes
  Grum (Lair:1)
  46 redbacks
  5 vampire mosquitoes
  2 minotaur simulacra (IceCv)
  9 steam dragons
  A sea snake simulacrum (Hell)
  50 chaos spawn
  8 harpy simulacra
  5 spatial vortices (Abyss:3)
  18 swamp worms
  A cane toad zombie (Crypt:1)
  A water nymph zombie (Crypt:2)
  2 swamp worms (shapeshifter)
  3 glowing shapeshifter zombies
  12 acid dragons
  17 hell hounds
  A demonspawn skeleton (Crypt:1)
  2 hydra simulacra
  15 water moccasins
  A sky beast (D:7)
  A hornet zombie (Crypt:2)
  13 swamp drakes
  2 ice beasts
  66 orc warriors
  6 ettin simulacra
  An ice beast (shapeshifter) (D:9)
  2 redbacks (shapeshifter)
  17 ogres
  59 laughing skulls
  4 wolves (Lair:1)
  A blink frog zombie (Crypt:1)
  5 boggarts (D:15)
  An ogre (shapeshifter) (Vaults:5)
  11 centaurs
  2 phantoms
  15 weeping skulls
  An elf zombie (Crypt:1)
  6 kobold brigands
  12 brain worms
  A brain worm (shapeshifter) (D:13)
  A scorpion (D:5)
  A komodo dragon skeleton (Crypt:2)
  7 earth elementals
  10 bullfrogs
  3 gnoll sergeants
  A glowing shapeshifter simulacrum (Depths:4)
  A yaktaur skeleton (Crypt:2)
  4 burial acolytes (Crypt:3)
  A wyvern skeleton (Crypt:2)
  13 wights
  34 killer bees
  A lindwurm simulacrum (IceCv)
  8 howler monkeys
  2 bombardier beetles
  13 electric eels
  3 lava snakes (Lair:5)
  6 hounds
  3 gnoll boudas
  3 quasits
  32 orc priests
  5 jellies
  An iguana (D:7)
  4 iron imps (Abyss:3)
  2 sleepcaps (D:5)
  39 orc wizards
  7 hell rats (Hell)
  4 polar bear simulacra (Lair:2)
  3 yak simulacra (Lair:2)
  4 naga skeletons
  73 mummies
  16 gnolls
  9 adders
  A river rat (Lair:2)
  A steam dragon skeleton (Crypt:2)
  A shadow imp (Pan)
  8 white imps
  4 ufetubi
  3 dart slugs
  4 ribbon worms
  105 orcs
  6 ball pythons
  9 bats
  4 endoplasms
  5 giant cockroaches
  9 hobgoblins
  9 jackals
  19 kobolds
  3 quokkas (D:1)
  A quokka (shapeshifter) (D:14)
  2 frilled lizards
  A gnoll skeleton (Crypt:1)
  11 goblins
  8 rats
  A rat skeleton (Crypt:1)
  4 river rat simulacra (Lair:2)
  12 aspiring fleshes
  5 ball lightnings
  10 creeping infernos
  18 fire vortices
  A foxfire (Abyss:3)
  5 lurking horrors
  A spectral weapon (Elf:2)
  16 starspawn tentacles
5808 creatures vanquished.

Vanquished Creatures (collateral kills)
  2 gnolls (D:8)
  2 adders
  An orc (D:8)
  A goblin (D:8)
6 creatures vanquished.

Vanquished Creatures (others)
  2 Killer Klowns (Zig:17)
  A pandemonium lord (Pan)
  A draconian monk (Zig:7)
  An angel (D:4)
  A very ugly thing (shapeshifter) (Zig:17)
  A green death (Pan)
  A caustic shrike simulacrum (Coc:3)
  A spriggan skeleton (Abyss:3)
  An apocalypse crab (Zig:17)
  A troll (D:10)
  A hellwing (Pan)
  A raiju (Abyss:3)
  A spriggan zombie (Hell)
  A ynoxinul (Pan)
  A chaos spawn (Zig:17)
  6 small abominations (Abyss:3)
  A lava snake (Lair:5)
  2 gnolls (D:8)
  An adder (D:2)
  A quokka (D:1)
  7 ball lightnings
  19 foxfires
  2 lurking horrors (Abyss:3)
  35 spectral weapons
  31 starspawn tentacles
  4 tentacles (Coc:7)
125 creatures vanquished.

Grand Total: 5939 creatures vanquished

Notes
Turn   | Place    | Note
-------+----------+-------------------------------------------
     0 | D:1      | rotlqkf the Oni Artificer began the quest for the Orb.
     0 | D:1      | Reached XP level 1. HP: 19/19 MP: 1/1
   106 | D:1      | Reached skill level 1 in Maces & Flails
   106 | D:1      | Reached XP level 2. HP: 23/28 MP: 2/2
   468 | D:1      | Reached XP level 3. HP: 20/36 MP: 3/3
  1127 | D:2      | Reached XP level 4. HP: 41/43 MP: 4/4
  1310 | D:2      | HP: 2/47 [poisoned by an adder]
  1820 | D:2      | Found a faded altar of an unknown god.
  2483 | D:3      | Reached XP level 5. HP: 48/55 MP: 5/5
  2680 | D:3      | Reached skill level 5 in Fighting
  3180 | D:4      | Reached XP level 6. HP: 46/66 MP: 6/6
  3457 | D:4      | Found a runed translucent door.
  3458 | D:4      | Noticed AlexanderH's ghost (amateur DrEE)
  3688 | D:4      | Killed an angel
  4052 | D:4      | Found a shimmering altar of Xom.
  4053 | D:4      | Found a glowing silver altar of Zin.
  4368 | D:4      | Killed AlexanderH's ghost
  4369 | D:4      | Reached skill level 5 in Maces & Flails
  4369 | D:4      | Reached XP level 7. HP: 61/78 MP: 7/7
  4450 | D:5      | Entered Level 5 of the Dungeon
  4576 | D:5      | Found a shimmering blue altar of Sif Muna.
  4748 | D:5      | Reached XP level 8. HP: 71/88 MP: 8/8
  4803 | D:5      | Found a hazy altar of Hepliaklqana.
  4803 | D:5      | Found a stormy altar of Qazlal.
  4811 | D:5      | Found a hide-covered altar of Uskayaw.
  4813 | D:5      | Found an iron altar of Okawaru.
  4815 | D:5      | Found a sparkling altar of Nemelex Xobeh.
  4859 | D:5      | Found a shadowy altar of Dithmenos.
  5386 | D:6      | Noticed a wraith
  5401 | D:6      | Killed a wraith
  5645 | D:6      | Found Acakoq's Antique Armour Shop.
  5657 | D:6      | Found a staircase to the Ecumenical Temple.
  5666 | Temple   | Entered the Ecumenical Temple
  5679 | Temple   | Became a worshipper of Gozag Ym Sagoz the Greedy
  5696 | D:6      | Reached skill level 10 in Fighting
  5820 | D:6      | Found a white marble altar of Elyvilon.
  5904 | D:6      | Reached XP level 9. HP: 101/101 MP: 9/9
  6293 | D:7      | Found a broken altar of Ashenzari.
  6833 | D:7      | Reached skill level 10 in Maces & Flails
  7457 | D:8      | Reached XP level 10. HP: 62/110 MP: 10/10
  7504 | D:8      | Found a flagged portal.
  8485 | D:9      | Found a basalt altar of Yredelemnul.
  8485 | D:9      | Found Xidwiopt's Assorted Antiques.
  8485 | D:9      | Found Dukud's Book Emporium.
  8485 | D:9      | Found Saere's Weapon Shop.
  8489 | D:9      | Paralysed by a hornet for 1 turns
  9047 | D:8      | Gained mutation: You have large cloven feet. [potion of
                  | mutation]
  9047 | D:8      | Gained mutation: You are partially covered in iridescent
                  | scales. (AC +2) [potion of mutation]
  9047 | D:8      | Gained mutation: You are covered in fur. (AC +1) [potion of
                  | mutation]
  9211 | D:9      | Found a sacrificial altar of Ru.
  9778 | D:9      | Bought a scroll labelled XANOCH BACKU for 27 gold pieces
  9778 | D:9      | Bought a fizzy black potion for 24 gold pieces
  9778 | D:9      | Bought a scroll labelled PUIX VIUBALEMP for 27 gold pieces
  9810 | D:9      | Bought a book of Battle for 416 gold pieces
  9826 | D:9      | Found Koodaukh's Assorted Antiques.
  9836 | D:9      | Bought a scroll labelled GICU ZEIMOKHLODOUNN for 28 gold
                  | pieces
  9836 | D:9      | Bought a scroll labelled CAFIDA ZOAR for 28 gold pieces
  9836 | D:9      | Bought a scroll labelled FYPRIMMURPH for 28 gold pieces
  9836 | D:9      | Bought a fluorescent wand for 112 gold pieces
  9997 | D:9      | Noticed a centaur warrior
 10000 | D:9      | Noticed a great orb of eyes
 10007 | D:9      | Killed a centaur warrior
 10016 | D:9      | Killed a great orb of eyes
 10017 | D:9      | Reached XP level 11. HP: 101/117 MP: 11/11
 10200 | D:9      | Found Udakacw's Jewellery Shoppe.
 10205 | D:9      | Bought an amulet of regeneration for 360 gold pieces
 10356 | D:9      | Reached skill level 15 in Maces & Flails
 10373 | D:9      | Identified the +1 ring mail of Foisonk {rN++}
 10373 | D:9      | Noticed a tengu warrior
 10390 | D:9      | Killed a tengu warrior
 10515 | D:9      | Noticed a brown ugly thing
 10515 | D:9      | Noticed a harpy
 10525 | D:9      | Killed a brown ugly thing
 10530 | D:9      | Killed a harpy
 10564 | D:9      | Noticed a four-headed hydra
 10571 | D:9      | Killed a four-headed hydra
 10659 | D:9      | Noticed a green ugly thing
 10671 | D:9      | Killed a green ugly thing
 10694 | D:9      | Noticed a cyclops
 10698 | D:9      | Killed a cyclops
 10720 | D:9      | Noticed an orc knight
 10733 | D:9      | Killed an orc knight
 10838 | D:10     | Entered Level 10 of the Dungeon
 10991 | D:10     | Noticed a two-headed ogre
 11026 | D:10     | Killed a two-headed ogre
 11027 | D:10     | Reached XP level 12. HP: 122/126 MP: 12/12
 11219 | D:10     | Found a staircase to the Lair.
 11394 | D:10     | Found an ornate altar of the Wu Jian Council.
 11774 | D:10     | Found a staircase to the Orcish Mines.
 11988 | D:11     | You fall into a shaft and drop 1 floor!
 12042 | D:11     | Noticed a boulder beetle
 12050 | D:11     | Killed a boulder beetle
 12179 | D:11     | Noticed a boulder beetle
 12334 | D:11     | Found a shimmering blue altar of Sif Muna.
 12405 | D:11     | Killed a boulder beetle
 12939 | Lair:1   | Entered Level 1 of the Lair of Beasts
 12978 | Lair:1   | Noticed Grum
 13516 | Lair:1   | Killed Grum
 13995 | Lair:2   | Noticed a skyshark
 14007 | Lair:2   | Killed a skyshark
 14075 | Lair:2   | Reached XP level 13. HP: 128/136 MP: 13/13
 14077 | Lair:2   | Identified the +0 rapier of Riroac {speed, ^Drain rN+ Dex+5
                  | SInv}
 14179 | Lair:2   | Found a staircase to the Swamp.
 16113 | Lair:3   | Found a hole to the Spider Nest.
 16566 | Lair:4   | Got Sif Muna's Folio of the Polluted Ossuary
 16794 | Lair:4   | Found a staircase to the Slime Pits.
 16794 | Lair:4   | Found a viscous altar of Jiyva.
 17201 | Lair:5   | Entered Level 5 of the Lair of Beasts
 17269 | Lair:5   | Reached XP level 14. HP: 142/157 MP: 14/14
 17628 | Lair:5   | Reached skill level 15 in Fighting
 18003 | Lair:5   | Found a large runed translucent door.
 18093 | Lair:5   | Noticed Kirke
 18095 | Lair:5   | Noticed a sphinx
 18730 | Lair:5   | Killed Kirke
 18827 | Lair:5   | Found a large runed translucent door.
 19641 | Orc:1    | Entered Level 1 of the Orcish Mines
 19686 | Orc:1    | Found Dietwif's General Store.
 19748 | Orc:1    | Found Namoos's Distillery.
 19766 | Orc:1    | Bought a potion of mutation for 136 gold pieces
 19766 | Orc:1    | Bought a potion of mutation for 136 gold pieces
 19766 | Orc:1    | Bought a potion of heal wounds for 85 gold pieces
 19767 | Orc:1    | Lost mutation: You are partially covered in iridescent
                  | scales. (AC +2) [potion of mutation]
 19767 | Orc:1    | Lost mutation: You have large cloven feet. [potion of
                  | mutation]
 19767 | Orc:1    | Lost mutation: You are covered in fur. (AC +1) [potion of
                  | mutation]
 19767 | Orc:1    | Gained mutation: You are frail. (-10% HP) [potion of
                  | mutation]
 19767 | Orc:1    | Gained mutation: You expend magic power (3 MP) to
                  | strengthen your wands. [potion of mutation]
 19768 | Orc:1    | Lost mutation: You expend magic power (3 MP) to strengthen
                  | your wands. [potion of mutation]
 19768 | Orc:1    | Lost mutation: You are frail. (-10% HP) [potion of
                  | mutation]
 19768 | Orc:1    | Gained mutation: Armour fits poorly on your strangely
                  | shaped body. [potion of mutation]
 19768 | Orc:1    | Gained mutation: You have large cloven feet. [potion of
                  | mutation]
 19769 | Orc:1    | Lost mutation: Armour fits poorly on your strangely shaped
                  | body. [potion of mutation]
 19769 | Orc:1    | Lost mutation: You have large cloven feet. [potion of
                  | mutation]
 19769 | Orc:1    | Gained mutation: You do not regenerate when monsters are
                  | visible. [potion of mutation]
 19769 | Orc:1    | Gained mutation: You have sharp toenails. [potion of
                  | mutation]
 19875 | Orc:2    | Entered Level 2 of the Orcish Mines
 20178 | Orc:2    | Found a staircase to the Elven Halls.
 21542 | Orc:2    | Noticed an orc warlord
 21564 | Orc:2    | Killed an orc warlord
 21678 | Orc:2    | Reached XP level 15. HP: 160/174 MP: 15/15
 21980 | Orc:2    | Noticed an orc warlord
 22276 | Orc:2    | Killed an orc warlord
 22424 | Orc:2    | Paralysed by an orc sorcerer for 4 turns
 22821 | Orc:2    | Found Pucenew's General Store.
 22822 | Orc:2    | Found Ujes's Book Emporium.
 22824 | Orc:2    | Found Repn's Antique Armour Shoppe.
 22824 | Orc:2    | Found Dodoel's Antique Weapon Shoppe.
 22829 | Orc:2    | Bought a translucent robe for 171 gold pieces
 22829 | Orc:2    | Identified the +0 robe "Gueczef" {rC+++ rN+ MP+9 Str-3}
                  | (You bought it in a shop on level 2 of the Orcish Mines)
 22888 | Orc:2    | Bought a scroll of fear for 48 gold pieces
 22888 | Orc:2    | Bought a scroll of teleportation for 36 gold pieces
 23620 | D:12     | Found Apruorch's Fire Supplies.
 23881 | D:12     | Reached skill level 1 in Spellcasting
 23989 | D:12     | Found a corrupted altar of Lugonu.
 24027 | D:12     | Gained mutation: You have hidden genetic defects. [a
                  | neqoxec]
 24229 | D:13     | Noticed Urug
 24240 | D:13     | Killed Urug
 24249 | D:13     | Noticed Nessos
 24258 | D:13     | Killed Nessos
 24455 | D:13     | Found a snail-covered altar of Cheibriados.
 24579 | D:13     | Reached skill level 5 in Spellcasting
 24754 | D:13     | Gained mutation: Potions are less effective at restoring
                  | your health. [hidden defects]
 24803 | D:13     | Found a gate to the Vaults.
 24837 | D:13     | Found a runed translucent gate.
 24837 | D:13     | Found a runed translucent gate.
 24837 | D:13     | Found a runed translucent gate.
 24969 | D:13     | Found a runed translucent gate.
 24969 | D:13     | Found a runed translucent gate.
 24971 | D:13     | Lost mutation: You do not regenerate when monsters are
                  | visible. [potion of mutation]
 24971 | D:13     | Lost mutation: Potions are less effective at restoring your
                  | health. [potion of mutation]
 24971 | D:13     | Lost mutation: You have sharp toenails. [potion of
                  | mutation]
 24971 | D:13     | Gained mutation: Your magical capacity is low. (-10% MP)
                  | [potion of mutation]
 24971 | D:13     | Gained mutation: Your spells are a little harder to cast,
                  | but a little more powerful. [potion of mutation]
 24975 | D:13     | Found a runed translucent gate.
 24976 | D:13     | Noticed Vaohelu's ghost (journeyman DjFE)
 24981 | D:13     | Lost mutation: You have hidden genetic defects. [potion of
                  | mutation]
 24981 | D:13     | Lost mutation: Your spells are a little harder to cast, but
                  | a little more powerful. [potion of mutation]
 24981 | D:13     | Lost mutation: Your magical capacity is low. (-10% MP)
                  | [potion of mutation]
 24981 | D:13     | Gained mutation: You possess an exceptional clarity of
                  | mind. [potion of mutation]
 24981 | D:13     | Gained mutation: You have sharp toenails. [potion of
                  | mutation]
 24981 | D:13     | Gained mutation: You passively map a small area around you.
                  | [potion of mutation]
 24981 | D:13     | Gained mutation: You have a somewhat thin skeletal
                  | structure. (Dex +2, Stealth+) [potion of mutation]
 25613 | D:13     | Gained mutation: You occasionally lose the ability to read
                  | scrolls when taking damage. [a neqoxec]
 25821 | D:13     | Gained mutation: You occasionally lose the ability to drink
                  | potions when taking damage. [mutagenic glow]
 25876 | D:13     | Killed Vaohelu's ghost
 25896 | D:13     | Lost mutation: You occasionally lose the ability to drink
                  | potions when taking damage. [potion of mutation]
 25896 | D:13     | Lost mutation: You passively map a small area around you.
                  | [potion of mutation]
 25896 | D:13     | Lost mutation: You have a somewhat thin skeletal structure.
                  | (Dex +2, Stealth+) [potion of mutation]
 25896 | D:13     | Lost mutation: You possess an exceptional clarity of mind.
                  | [potion of mutation]
 25896 | D:13     | Gained mutation: You passively map a small area around you.
                  | [potion of mutation]
 25896 | D:13     | Gained mutation: You are partially covered in iridescent
                  | scales. (AC +2) [potion of mutation]
 25896 | D:13     | Gained mutation: You passively map the area around you.
                  | [potion of mutation]
 25897 | D:13     | Lost mutation: You have sharp toenails. [potion of
                  | mutation]
 25897 | D:13     | Lost mutation: You are partially covered in iridescent
                  | scales. (AC +2) [potion of mutation]
 25897 | D:13     | Lost mutation: You passively map the area around you.
                  | [potion of mutation]
 25897 | D:13     | Gained mutation: Armour fits poorly on your strangely
                  | shaped body. [potion of mutation]
 25897 | D:13     | Gained mutation: You are partially covered in iridescent
                  | scales. (AC +2) [potion of mutation]
 25898 | D:13     | Lost mutation: You occasionally lose the ability to read
                  | scrolls when taking damage. [potion of mutation]
 25898 | D:13     | Lost mutation: You passively map a small area around you.
                  | [potion of mutation]
 25898 | D:13     | Gained mutation: You are frail. (-10% HP) [potion of
                  | mutation]
 25898 | D:13     | Gained mutation: Your body sometimes deteriorates upon
                  | taking damage. [potion of mutation]
 25898 | D:13     | Gained mutation: You expend magic power (3 MP) to
                  | strengthen your wands. [potion of mutation]
 25898 | D:13     | Gained mutation: You are resistant to electric shocks.
                  | (rElec) [potion of mutation]
 26759 | D:14     | Reached skill level 10 in Spellcasting
 26864 | D:13     | Learned a level 7 spell: Manifold Assault
 27179 | D:15     | Entered Level 15 of the Dungeon
 27179 | D:15     | Found Kuxtuas's Antique Armour Emporium.
 27191 | D:15     | Reached XP level 16. HP: 147/166 MP: 30/30
 27218 | D:15     | Bought a dazzling robe for 193 gold pieces
 27218 | D:15     | Identified the +1 robe of the True Pharaoh {rCorr} (You
                  | bought it in a shop on level 15 of the Dungeon)
 27232 | D:15     | Reached skill level 1 in Translocations
 27238 | D:15     | HP: 1/161 [boulder beetle (10)]
 27394 | D:15     | Noticed Agnes
 27409 | D:15     | HP: 3/166 [Agnes/+0 lajatang (30)]
 27410 | D:15     | Killed Agnes
 27451 | D:15     | Noticed Roxanne
 27451 | D:15     | Found the ring of Shadows {Umbra +Inv Stlth+}
 27675 | D:15     | Found a staircase to the Depths.
 27701 | D:15     | Identified the +4 ring mail of Amips {^Contam rC+ Will+
                  | Regen+}
 27876 | D:15     | Noticed Ytoxtayn's ghost (adept CoBe)
 27967 | D:15     | Found a transporter.
 27970 | D:15     | Found a transporter.
 28429 | D:15     | Killed Roxanne
 28678 | D:9      | Bought a ring of see invisible for 180 gold pieces
 28838 | Elf:1    | Entered Level 1 of the Elven Halls
 28850 | Elf:1    | Reached skill level 5 in Translocations
 30646 | Elf:2    | Found Ijalif's Distillery.
 30681 | Elf:2    | Identified a scroll of acquirement
 30682 | Elf:2    | Acquired a +4 spectral giant club
 30792 | Elf:2    | Found Puruxy's Magic Scroll Shop.
 30793 | Elf:2    | Found Ritsakat's Magic Scroll Emporium.
 30799 | Elf:2    | Bought 3 scrolls of blinking for 360 gold pieces
 30799 | Elf:2    | Bought a scroll of teleportation for 48 gold pieces
 30799 | Elf:2    | Bought a scroll of teleportation for 48 gold pieces
 30804 | Elf:2    | Bought a scroll of enchant weapon for 105 gold pieces
 30804 | Elf:2    | Bought a scroll of brand weapon for 133 gold pieces
 30824 | Elf:2    | Reached XP level 17. HP: 108/173 MP: 34/34
 30891 | Elf:2    | Paralysed by an air elemental for 1 turns
 31095 | Elf:2    | Found a glacial archway.
 31162 | IceCv    | Entered an ice cave
 31354 | IceCv    | Found the +3 pair of mountain boots {steadfast, rC+}
 31681 | IceCv    | HP: 7/173 [reaper/-4 scythe of freezing (9)]
 31888 | IceCv    | Got Qaibbil's Enchiridion on the Serac
 32102 | Elf:2    | Bought a potion of haste for 150 gold pieces
 32102 | Elf:2    | Bought a potion of heal wounds for 75 gold pieces
 32229 | Elf:2    | Found a runed translucent gate.
 32229 | Elf:2    | Found a runed translucent gate.
 32229 | Elf:2    | Found a runed translucent gate.
 32306 | Elf:2    | Noticed a sphinx
 32313 | Elf:2    | Killed a sphinx
 32731 | Elf:2    | Reached skill level 15 in Spellcasting
 32815 | Elf:2    | Noticed a sphinx
 32826 | Elf:2    | Killed a sphinx
 32827 | Elf:2    | Reached skill level 10 in Translocations
 33974 | Elf:2    | Reached XP level 18. HP: 183/183 MP: 37/37
 34499 | Elf:3    | Entered Level 3 of the Elven Halls
 34987 | Elf:3    | Found a runed translucent gate.
 34987 | Elf:3    | Found a runed translucent gate.
 34988 | Elf:3    | Found a runed translucent gate.
 34989 | Elf:3    | Noticed NahIdwin's ghost (adept OpSh)
 34994 | Elf:3    | Identified the ring "Fodumim" {Str-2 Int+5 Slay+4 SInv}
 35065 | Abyss:2  | Cast into level 2 of the Abyss (a deep elf demonologist)
 35075 | Abyss:2  | Found a corrupted altar of Lugonu.
 35397 | Elf:3    | Escaped the Abyss
 35582 | Elf:3    | Killed NahIdwin's ghost
 35737 | Elf:3    | Noticed a deep elf blademaster
 35753 | Elf:3    | Killed a deep elf blademaster
 35896 | Elf:3    | Noticed a deep elf master archer
 35907 | Elf:3    | Killed a deep elf master archer
 36284 | Elf:3    | Noticed a deep elf blademaster
 36288 | Elf:3    | Killed a deep elf blademaster
 36290 | Elf:3    | Noticed a deep elf blademaster
 36461 | Elf:3    | Noticed a deep elf master archer
 36466 | Elf:3    | Noticed a deep elf blademaster
 36485 | Elf:3    | Killed a deep elf blademaster
 36485 | Elf:3    | Killed a deep elf master archer
 36486 | Elf:3    | Reached skill level 15 in Translocations
 36487 | Elf:3    | Killed a deep elf blademaster
 36743 | Elf:3    | Identified the +6 great sword "Puposuss" {freeze, rF+ rN+
                  | Will+ SInv}
 36991 | Elf:3    | Reached XP level 19. HP: 183/189 MP: 38/38
 37191 | Elf:3    | Identified the staff "Qugon" {rElec rN+ rCorr Necro Fire}
 37199 | Elf:3    | Identified the staff "Malyoro" {rN+ Conj Necro}
 37214 | Elf:3    | Got Wausemn's Further Progress in Witchcraft
 37551 | Swamp:1  | Entered Level 1 of the Swamp
 38068 | Swamp:1  | Reached skill level 1 in Shapeshifting
 39577 | Swamp:2  | You fall into a shaft and drop 1 floor!
 39580 | Swamp:3  | Noticed a tentacled monstrosity
 39591 | Swamp:3  | Killed a tentacled monstrosity
 41201 | Swamp:3  | Found a white marble altar of Elyvilon.
 41453 | Swamp:4  | Entered Level 4 of the Swamp
 42641 | Swamp:4  | Paralysed by a hornet for 2 turns
 42646 | Swamp:4  | Reached skill level 5 in Shapeshifting
 43316 | Swamp:4  | Got a decaying rune of Zot
 44332 | Spider:1 | Entered Level 1 of the Spider Nest
 44393 | Spider:1 | Reached XP level 20. HP: 198/198 MP: 14/40
 46073 | Spider:1 | Got the Vellum of Dismal Embers
 46303 | Spider:1 | Found a runed translucent gate.
 46303 | Spider:1 | Found a runed translucent gate.
 46304 | Spider:1 | Found a runed translucent gate.
 46306 | Spider:1 | Noticed phantasmist's ghost (adept CoBe)
 46816 | Spider:1 | Killed phantasmist's ghost
 47146 | Spider:1 | Identified the +0 cloak of Muttered Phrases {+Inv rC+++ rN+
                  | Dex+3}
 50112 | Spider:3 | Acquired 836 gold pieces
 51606 | Spider:4 | Entered Level 4 of the Spider Nest
 52480 | Spider:4 | Found a runed translucent door.
 52480 | Spider:4 | Noticed Ifebrim's ghost (adept CoWn)
 52552 | Spider:4 | Reached XP level 21. HP: 207/207 MP: 20/43
 52804 | Spider:4 | Got a gossamer rune of Zot
 53375 | Spider:4 | Reached skill level 10 in Shapeshifting
 53664 | Spider:4 | Killed Ifebrim's ghost
 54106 | Vaults:1 | Entered Level 1 of the Vaults
 54449 | Vaults:1 | You fall into a shaft and drop 1 floor!
 55415 | Vaults:1 | Lost mutation: Armour fits poorly on your strangely shaped
                  | body. [potion of mutation]
 55415 | Vaults:1 | Lost mutation: You are resistant to electric shocks.
                  | (rElec) [potion of mutation]
 55415 | Vaults:1 | Gained mutation: Your flesh is heat resistant. (rF+)
                  | [potion of mutation]
 55415 | Vaults:1 | Gained mutation: You are clumsy. (Dex -2) [potion of
                  | mutation]
 55415 | Vaults:1 | Gained mutation: You have sharp toenails. [potion of
                  | mutation]
 55416 | Vaults:1 | Lost mutation: You are partially covered in iridescent
                  | scales. (AC +2) [potion of mutation]
 55416 | Vaults:1 | Lost mutation: You have sharp toenails. [potion of
                  | mutation]
 55416 | Vaults:1 | Lost mutation: Your flesh is heat resistant. (rF+) [potion
                  | of mutation]
 55416 | Vaults:1 | Gained mutation: Your body often deteriorates upon taking
                  | damage. [potion of mutation]
 55416 | Vaults:1 | Gained mutation: You do not regenerate when monsters are
                  | visible. [potion of mutation]
 55416 | Vaults:1 | Gained mutation: You are partially covered in iridescent
                  | scales. (AC +2) [potion of mutation]
 56211 | Vaults:1 | Paralysed by a formless jellyfish for 1 turns
 56663 | Vaults:2 | Noticed Margery
 56671 | Vaults:2 | Killed Margery
 57636 | Vaults:2 | Found a staircase to the Crypt.
 58031 | Vaults:3 | Reached XP level 22. HP: 99/215 MP: 31/44
 58605 | Vaults:3 | Reached skill level 15 in Shapeshifting
 60169 | Vaults:3 | Found Urryuc's General Store.
 60172 | Vaults:3 | Bought a scroll of enchant weapon for 97 gold pieces
 60172 | Vaults:3 | Bought a scroll of blinking for 97 gold pieces
 60757 | Vaults:4 | Identified the +4 robe "Giukeas" {Dex+3 Archmagi}
 60757 | Vaults:4 | Noticed Boris
 60770 | Vaults:4 | Killed Boris
 60925 | Vaults:4 | Found a crumbling gateway.
 60949 | Desolati | Entered the Desolation of Salt
 61500 | Desolati | Identified the amulet of the Evil One {Acrobat Str+5 Dex+3}
 61639 | Desolati | Found the sphere of Battle
 61639 | Desolati | Found the +3 crown of Dyrovepreva {rElec Int+2 SInv}
 61665 | Desolati | Identified the amulet "Zasen" {rN+ Will- RegenMP+ Dex+3
                  | Stlth+}
 61795 | Desolati | Got the Elucidation of Funereal Esoterica
 61872 | Desolati | Reached XP level 23. HP: 231/231 MP: 46/46
 62083 | Desolati | Identified the +1 robe "Boinoras" {rElec rF+ Dex-2 Stlth+}
 62378 | Desolati | Identified the +3 leather armour "Soekh" {rF+}
 62407 | Desolati | Identified the ring of Posex Tek {rF+ Will+ MP+9 Str+3
                  | Stlth+}
 62458 | Desolati | Got the Anthology of Destined Metal
 62462 | Desolati | Got Viczil's Opusculum on Burnt Hoarfrost
 64332 | Slime:1  | Entered Level 1 of the Pits of Slime
 64883 | Slime:2  | Noticed Dissolution
 65250 | Slime:2  | Found a viscous altar of Jiyva.
 65512 | Slime:2  | You fall into a shaft and drop 1 floor!
 65522 | Slime:2  | Killed Dissolution
 67174 | Slime:4  | Reached XP level 24. HP: 252/252 MP: 49/49
 67583 | Slime:5  | Entered Level 5 of the Pits of Slime
 67953 | Slime:5  | Noticed the Royal Jelly
 68219 | Slime:5  | Found a viscous altar of Jiyva.
 68264 | Slime:5  | Found the +2 Maxwell's thermic engine {flame, freeze, rev}
 68785 | Slime:5  | Gained mutation: You are very frail. (-20% HP) [a shining
                  | eye]
 68832 | Slime:5  | Gained mutation: Armour fits poorly on your strangely
                  | shaped body. [a shining eye]
 69047 | Slime:5  | Killed the Royal Jelly
 69369 | Slime:5  | Identified the +8 orcbow "Grim" {speed, rElec Will- Str+3}
 69440 | Slime:5  | Got a slimy rune of Zot
 69488 | Slime:5  | Identified the amulet "Beeros" {rElec rN+ Regen+}
 70155 | Vaults:5 | Entered Level 5 of the Vaults
 70166 | Vaults:5 | Noticed an ancient lich
 70166 | Vaults:5 | Killed an ancient lich
 70172 | Vaults:5 | Identified the +1 ring mail "Qirghub" {-Cast Rampage rPois}
 70285 | Vaults:5 | Identified the +5 battleaxe of the Burning Augurer {drain,
                  | rPois rF+ rC+}
 70358 | Vaults:5 | Got a silver rune of Zot
 70579 | Vaults:5 | Reached XP level 25. HP: 236/236 MP: 32/50
 70698 | Vaults:5 | Lost mutation: Armour fits poorly on your strangely shaped
                  | body. [potion of mutation]
 70698 | Vaults:5 | Lost mutation: You do not regenerate when monsters are
                  | visible. [potion of mutation]
 70698 | Vaults:5 | Gained mutation: You are resistant to electric shocks.
                  | (rElec) [potion of mutation]
 70698 | Vaults:5 | Gained mutation: You have large cloven feet. [potion of
                  | mutation]
 70698 | Vaults:5 | Lost mutation: You are clumsy. (Dex -2) [potion of
                  | mutation]
 70796 | Vaults:5 | Noticed an ancient lich
 70801 | Vaults:5 | Killed an ancient lich
 71577 | Vaults:5 | Identified the staff of the Thing {rF+ Int+3 Fire}
 71828 | Vaults:5 | Identified the +1 long sword of Raff {venom, Dex+3}
 71830 | Vaults:5 | Got Ysmivum's Writings on Toxic Assembling
 72103 | Crypt:1  | Entered Level 1 of the Crypt
 74497 | Crypt:3  | Entered Level 3 of the Crypt
 74887 | Crypt:3  | Found a basalt altar of Yredelemnul.
 74901 | Crypt:3  | Reached skill level 27 in Fighting
 75032 | Crypt:3  | Reached XP level 26. HP: 251/251 MP: 31/51
 75488 | Crypt:3  | Got Eficusm's Elucidation of Spooky Magicks
 75546 | Crypt:3  | Noticed Khufu
 75561 | Crypt:3  | Killed Khufu
 75717 | Crypt:3  | Found a staircase to the Tomb.
 76417 | Depths:1 | Entered Level 1 of the Depths
 76812 | Depths:1 | Found a gateway to Hell.
 77153 | Depths:1 | Found a one-way gate to the infinite horrors of the Abyss.
 78336 | Depths:2 | Found a one-way gate leading to the halls of Pandemonium.
 78583 | Depths:2 | Found a shadowy altar of Dithmenos.
 79101 | Depths:2 | Reached XP level 27. HP: 258/258 MP: 53/53
 79380 | Depths:2 | Reached skill level 27 in Maces & Flails
 79628 | Depths:3 | Reached skill level 27 in Spellcasting
 80117 | Depths:3 | Found a one-way gateway to a ziggurat.
 80676 | Depths:3 | Identified the +0 shadow dragon scales "Guebonops" {MP+9
                  | Str+3 Stlth++++}
 80683 | Depths:3 | Identified the +2 mace "Boatitsoeke" {vamp, rElec Will+
                  | Str+6}
 81021 | Depths:4 | Entered Level 4 of the Depths
 81186 | Depths:4 | Identified the ring of Zuja {Ice +Blink Dex+5}
 81186 | Depths:4 | Noticed Josephina
 81189 | Depths:4 | Killed Josephina
 81922 | Depths:4 | Found a gate to the Realm of Zot.
 82704 | Tomb:1   | Entered Level 1 of the Tomb of the Ancients
 83047 | Tomb:1   | Noticed a royal mummy
 83054 | Tomb:1   | Killed a royal mummy
 83055 | Tomb:1   | Noticed a royal mummy
 83066 | Tomb:1   | Killed a royal mummy
 84551 | Pan      | Entered Pandemonium
 84886 | Pan      | Noticed Kiunlorgh the pandemonium lord
 84890 | Pan      | Killed Kiunlorgh the pandemonium lord
 86240 | Pan      | Entered the realm of Mnoleg.
 86281 | Pan      | Noticed Mnoleg
 86283 | Pan      | Gained mutation: You are clumsy. (Dex -2) [a cacodemon]
 86292 | Pan      | Killed Mnoleg
 86531 | Pan      | Got a glowing rune of Zot
 86954 | Pan      | Gained mutation: You are extremely frail. (-30% HP) [a
                  | cacodemon]
 86955 | Pan      | Gained mutation: Your magical capacity is low. (-10% MP) [a
                  | cacodemon]
 87094 | Pan      | Gained mutation: Your health recovers twice as slowly from
                  | being drained. [a cacodemon]
 87099 | Pan      | Found a burning altar of Makhleb.
 87985 | Pan      | Gained mutation: Your magical capacity is very low. (-20%
                  | MP) [a cacodemon]
 88235 | Pan      | Identified the amulet "Diuwe" {RegenMP+ Int+3}
 88242 | Pan      | Noticed Taleraj the pandemonium lord
 88252 | Pan      | Killed Taleraj the pandemonium lord
 88435 | Pan      | Got a demonic rune of Zot
 88554 | Pan      | Lost mutation: Your body often deteriorates upon taking
                  | damage. [potion of mutation]
 88554 | Pan      | Lost mutation: Your body sometimes deteriorates upon taking
                  | damage. [potion of mutation]
 88554 | Pan      | Lost mutation: You are partially covered in iridescent
                  | scales. (AC +2) [potion of mutation]
 88554 | Pan      | Lost mutation: Your magical capacity is very low. (-20% MP)
                  | [potion of mutation]
 88554 | Pan      | Gained mutation: You occasionally lose the ability to read
                  | scrolls when taking damage. [potion of mutation]
 88554 | Pan      | Gained mutation: Your flesh is cold resistant. (rC+)
                  | [potion of mutation]
 88555 | Pan      | Lost mutation: You are resistant to electric shocks.
                  | (rElec) [potion of mutation]
 88555 | Pan      | Lost mutation: You expend magic power (3 MP) to strengthen
                  | your wands. [potion of mutation]
 88555 | Pan      | Lost mutation: You are extremely frail. (-30% HP) [potion
                  | of mutation]
 88555 | Pan      | Lost mutation: You are very frail. (-20% HP) [potion of
                  | mutation]
 88556 | Pan      | Lost mutation: You have large cloven feet. [potion of
                  | mutation]
 88556 | Pan      | Lost mutation: Your health recovers twice as slowly from
                  | being drained. [potion of mutation]
 88556 | Pan      | Lost mutation: You occasionally lose the ability to read
                  | scrolls when taking damage. [potion of mutation]
 88556 | Pan      | Gained mutation: You are covered in fur. (AC +1) [potion of
                  | mutation]
 88556 | Pan      | Gained mutation: You expend magic power (3 MP) to
                  | strengthen your wands. [potion of mutation]
 88557 | Pan      | Lost mutation: You are clumsy. (Dex -2) [potion of
                  | mutation]
 88557 | Pan      | Lost mutation: Your magical capacity is low. (-10% MP)
                  | [potion of mutation]
 88557 | Pan      | Lost mutation: You are covered in fur. (AC +1) [potion of
                  | mutation]
 88557 | Pan      | Gained mutation: You are dopey. (Int -2) [potion of
                  | mutation]
 88557 | Pan      | Gained mutation: You are covered in fur. (AC +1) [potion of
                  | mutation]
 88558 | Pan      | Lost mutation: You expend magic power (3 MP) to strengthen
                  | your wands. [potion of mutation]
 88558 | Pan      | Lost mutation: You are covered in fur. (AC +1) [potion of
                  | mutation]
 88558 | Pan      | Gained mutation: Armour fits poorly on your strangely
                  | shaped body. [potion of mutation]
 88558 | Pan      | Gained mutation: Your skin changes colour to match your
                  | surroundings (Stealth+). [potion of mutation]
 88684 | Pan      | Noticed Homusmie the pandemonium lord
 88694 | Pan      | Killed Homusmie the pandemonium lord
 88761 | Pan      | Reached skill level 1 in Hexes
 89160 | Pan      | Found an exit through the horrors of the Abyss.
 89477 | Pan      | Noticed Mennas
 89481 | Pan      | Killed Mennas
 89513 | Pan      | Noticed Dagon the pandemonium lord
 89519 | Pan      | Killed Dagon the pandemonium lord
 89539 | Pan      | Reached skill level 5 in Hexes
 90396 | Pan      | Noticed Olantoix the pandemonium lord
 90408 | Pan      | Killed Olantoix the pandemonium lord
 90649 | Pan      | Entered the realm of Gloorx Vloq.
 90672 | Pan      | Found an exit through the horrors of the Abyss.
 90997 | Pan      | Noticed Gloorx Vloq
 91005 | Pan      | Killed Gloorx Vloq
 91208 | Pan      | Got a dark rune of Zot
 91996 | Pan      | Reached skill level 10 in Hexes
 92185 | Pan      | Identified the +2 cloak of Vemif {^Drain Dex+4 Slay+3}
 92508 | Pan      | Noticed Qeeh the pandemonium lord
 92515 | Pan      | Killed Qeeh the pandemonium lord
 93027 | Pan      | Found an exit through the horrors of the Abyss.
 93975 | Pan      | Noticed Tirra the pandemonium lord
 93977 | Pan      | Killed Tirra the pandemonium lord
 94110 | Pan      | Found an exit through the horrors of the Abyss.
 94206 | Pan      | Identified the ring "Soirit" {Ice rPois Will+ Dex+2}
 94223 | Pan      | Entered the realm of Cerebov.
 95013 | Pan      | Found an exit through the horrors of the Abyss.
 95217 | Pan      | Found the +6 sword of Cerebov {flame}
 95217 | Pan      | Noticed Cerebov
 95231 | Pan      | Killed Cerebov
 95407 | Pan      | Got a fiery rune of Zot
 95436 | Pan      | Identified the ring "Feju" {AC+4 Dex+5 SInv}
 96024 | Pan      | Gained mutation: You are clumsy. (Dex -2) [a cacodemon]
 96030 | Pan      | Paralysed by accursed screaming for 2 turns
 96264 | Pan      | Reached skill level 15 in Hexes
 96980 | Pan      | Noticed Fabb the pandemonium lord
 96981 | Pan      | Killed Fabb the pandemonium lord
 97677 | Pan      | Entered the realm of Lom Lobon.
 97677 | Pan      | Noticed Lom Lobon
 97685 | Pan      | Killed Lom Lobon
 97958 | Pan      | Got a magical rune of Zot
 98422 | Pan      | Identified the +2 leather armour of Macaroni {Rampage rCorr
                  | Slay+3 SInv}
 98551 | Pan      | Found an exit through the horrors of the Abyss.
 98743 | Pan      | Took an exit into the Abyss.
 98743 | Abyss:2  | Escaped into the Abyss
 99556 | Abyss:3  | Paralysed by accursed screaming for 1 turns
100197 | Abyss:3  | Gained mutation: You are very clumsy. (Dex -4) [a neqoxec]
100258 | Abyss:3  | Reached skill level 27 in Translocations
100324 | Abyss:3  | Found a corrupted altar of Lugonu.
100350 | Abyss:3  | Found a corrupted altar of Lugonu.
100499 | Abyss:4  | Found a transporter.
100637 | Abyss:4  | Got an abyssal rune of Zot
100670 | Depths:2 | Escaped the Abyss
100737 | Zig:1    | Entered Level 1 of a ziggurat
100761 | Zig:1    | Lost mutation: Armour fits poorly on your strangely shaped
                  | body. [potion of mutation]
100761 | Zig:1    | Lost mutation: You are frail. (-10% HP) [potion of
                  | mutation]
100761 | Zig:1    | Lost mutation: Your flesh is cold resistant. (rC+) [potion
                  | of mutation]
100761 | Zig:1    | Gained mutation: You are weak. (Str -2) [potion of
                  | mutation]
100761 | Zig:1    | Gained mutation: You expend magic power (3 MP) to
                  | strengthen your wands. [potion of mutation]
100764 | Zig:2    | Entered Level 2 of a ziggurat
100807 | Zig:3    | Entered Level 3 of a ziggurat
100810 | Zig:3    | Found the +8 Vampire's Tooth {megavamp}
100875 | Zig:4    | Entered Level 4 of a ziggurat
100911 | Zig:4    | Identified the amulet "Nanye" {rPois rN+ Regen+ Dex+2}
100939 | Zig:5    | Entered Level 5 of a ziggurat
100984 | Zig:5    | Identified the ring of Hiobis {rPois Str+3 Stlth+}
101001 | Zig:6    | Entered Level 6 of a ziggurat
101068 | Zig:6    | Identified the +5 mace of the Pharaoh's Fist {vamp,
                  | ^Fragile Int+7 Dex+3}
101096 | Zig:7    | Entered Level 7 of a ziggurat
101171 | Zig:7    | Identified the +7 spear of Esyid {pain, rElec rC++}
101179 | Zig:7    | Identified the +8 rapier of Wu Jian's Vengeance {speed, rC+
                  | MP+9 Str+3}
101196 | Zig:8    | Entered Level 8 of a ziggurat
101315 | Zig:8    | Identified the ring of the Nurturing Gods {Fire ^Contam
                  | rElec MP+9 Str+7}
101320 | Zig:8    | Identified the +8 fire dragon scales "Zunas" {rPois rF++
                  | rC-}
101323 | Zig:8    | Identified the staff of Narrow Guile {rN+ Dex+2 Necro}
101327 | Zig:9    | Entered Level 9 of a ziggurat
101335 | Zig:9    | Noticed an ancient lich
101335 | Zig:9    | Noticed an ancient lich
101338 | Zig:9    | Killed an ancient lich
101338 | Zig:9    | Killed an ancient lich
101430 | Zig:9    | Acquired 1210 gold pieces
101438 | Zig:10   | Entered Level 10 of a ziggurat
101534 | Zig:10   | Identified the staff "Puikulab" {rF+ Will+ Int+2 Conj Fire}
101549 | Zig:10   | Identified the staff of Ash {rF+ Will+ Dex+4 Fire}
101573 | Zig:10   | Lost mutation: You expend magic power (3 MP) to strengthen
                  | your wands. [potion of mutation]
101573 | Zig:10   | Lost mutation: You are very clumsy. (Dex -4) [potion of
                  | mutation]
101573 | Zig:10   | Lost mutation: You are weak. (Str -2) [potion of mutation]
101573 | Zig:10   | Gained mutation: Your magical capacity is low. (-10% MP)
                  | [potion of mutation]
101573 | Zig:10   | Lost mutation: You are clumsy. (Dex -2) [potion of
                  | mutation]
101573 | Zig:10   | Gained mutation: Your flesh is cold resistant. (rC+)
                  | [potion of mutation]
101574 | Zig:10   | Lost mutation: Your magical capacity is low. (-10% MP)
                  | [potion of mutation]
101574 | Zig:10   | Lost mutation: Your flesh is cold resistant. (rC+) [potion
                  | of mutation]
101574 | Zig:10   | Gained mutation: You are robust. (+10% HP) [potion of
                  | mutation]
101574 | Zig:10   | Gained mutation: Your flesh is heat resistant. (rF+)
                  | [potion of mutation]
101597 | Zig:11   | Entered Level 11 of a ziggurat
101725 | Zig:11   | Identified the +9 hand axe of Yredelemnul's Delight {spect,
                  | Str+3}
101737 | Zig:11   | Got the Papyrus of the Oath
101815 | Zig:12   | Entered Level 12 of a ziggurat
101960 | Zig:12   | Got the Anthology of Scorching Hypothermia
101963 | Zig:12   | Identified the +6 morningstar of Distant Worlds {freeze,
                  | Int+2}
101964 | Zig:12   | Identified the +5 arbalest of the Warrior-Mage {heavy,
                  | Str+5}
102000 | Zig:13   | Entered Level 13 of a ziggurat
102010 | Zig:13   | Noticed Baemop the pandemonium lord
102013 | Zig:13   | Killed Baemop the pandemonium lord
102101 | Zig:13   | Identified the +6 demon trident "Tacke" {freeze, Str+3}
102142 | Zig:14   | Entered Level 14 of a ziggurat
102148 | Zig:14   | Noticed a dread lich
102149 | Zig:14   | Killed a dread lich
102152 | Zig:14   | Noticed an ancient lich
102154 | Zig:14   | Noticed an ancient lich
102156 | Zig:14   | Killed an ancient lich
102156 | Zig:14   | Killed an ancient lich
102286 | Zig:14   | Identified the +4 great sword of Cowardice {distort, Str+6
                  | SInv}
102322 | Zig:15   | Entered Level 15 of a ziggurat
102332 | Zig:15   | Found the +4 consecrated labrys {holy, Valiant ^Fragile Fly
                  | SInv}
102332 | Zig:15   | Noticed an ancient lich
102333 | Zig:15   | Noticed an ancient lich
102334 | Zig:15   | Killed an ancient lich
102335 | Zig:15   | Killed an ancient lich
102443 | Zig:15   | Identified the ring of Understanding {rF+ rC++ Will- Int+3
                  | Dex-5}
102447 | Zig:15   | Identified the ring "Tutirya" {rElec rF+ Dex+4}
102482 | Zig:16   | Entered Level 16 of a ziggurat
102642 | Zig:16   | Identified the +9 lajatang "Onkashret" {drain, rF+ Str+3
                  | SInv}
102644 | Zig:16   | Identified the +4 dagger of Fexal {flame, rPois rF++ Will+
                  | Stlth-}
102665 | Zig:16   | Identified the +8 trident of Terror {pain, rC+}
102715 | Zig:17   | Entered Level 17 of a ziggurat
102722 | Zig:17   | Noticed Nyal the pandemonium lord
102722 | Zig:17   | Noticed Esuzawa the pandemonium lord
102723 | Zig:17   | Noticed Huanel the pandemonium lord
102724 | Zig:17   | Killed Huanel the pandemonium lord
102725 | Zig:17   | Killed Esuzawa the pandemonium lord
102725 | Zig:17   | Noticed Kuek Ur Hium the pandemonium lord
102728 | Zig:17   | Killed Nyal the pandemonium lord
102729 | Zig:17   | Killed Kuek Ur Hium the pandemonium lord
102729 | Zig:17   | Gained mutation: You are vulnerable to cold. (rC-) [a
                  | shining eye]
102729 | Zig:17   | Gained mutation: Your spells are a little easier to cast,
                  | but a little less powerful. [a shining eye]
102804 | Zig:17   | Found the -2 hat of the Alchemist {rElec rPois rF+ rC+ rN+
                  | Will+ rMut rCorr}
102831 | Zig:17   | Learned a level 8 spell: Discord
102836 | Zig:17   | Identified the ring "Wigyhov" {Fire rElec rN+++ Str+3
                  | Dex-5}
102842 | Zig:17   | Identified the +6 sling "Fiuwyzam" {speed, rElec Str+2}
102887 | Zig:18   | Entered Level 18 of a ziggurat
102897 | Zig:18   | Noticed a royal mummy
102899 | Zig:18   | Noticed a royal mummy
102907 | Zig:18   | Killed a royal mummy
102907 | Zig:18   | Killed a royal mummy
103086 | Zig:18   | Identified the +5 long sword of Foul Odours {freeze, Str+5
                  | Int+2}
103090 | Zig:18   | Identified the amulet of Hetwarisk {Reflect Int+3 Slay+3
                  | SH+5}
103104 | Zig:18   | Identified the staff "Kylakaop" {rElec Will+ Air}
103106 | Zig:18   | Identified the staff of Integrity {rPois Conj}
103155 | Zig:19   | Entered Level 19 of a ziggurat
103173 | Zig:19   | Reached skill level 27 in Hexes
103173 | Zig:19   | Reached skill level 1 in Fire Magic
103359 | Zig:19   | Identified the ring "Uketsoty" {rF+ rC- rCorr Str-2 Dex+5}
103362 | Zig:19   | Identified the amulet of the Final Decision {rElec RegenMP+
                  | Int+6 SInv}
103367 | Zig:19   | Identified the +0 fire dragon scales of the Unbroken {rElec
                  | rF++ rC- Regen+ Dex-2 SInv}
103368 | Zig:19   | Identified the +2 arbalest of Mourning {flame, rElec rC++
                  | Int-2 Stlth-}
103377 | Zig:19   | Acquired a talisman of death
103378 | Zig:19   | Acquired a manual of Dodging
103390 | Zig:19   | Identified the +10 lajatang of Paoghoilye {heavy, rF- Will-
                  | rCorr Str+4}
103435 | Zig:19   | Lost mutation: You are vulnerable to cold. (rC-) [potion of
                  | mutation]
103435 | Zig:19   | Lost mutation: You are dopey. (Int -2) [potion of mutation]
103435 | Zig:19   | Gained mutation: You possess an exceptional clarity of
                  | mind. [potion of mutation]
103435 | Zig:19   | Gained mutation: You are dopey. (Int -2) [potion of
                  | mutation]
103435 | Zig:19   | Gained mutation: Your muscles are strong. (Str +4, Int/Dex
                  | -1) [potion of mutation]
103436 | Zig:19   | Lost mutation: Your skin changes colour to match your
                  | surroundings (Stealth+). [potion of mutation]
103436 | Zig:19   | Lost mutation: Your muscles are strong. (Str +4, Int/Dex
                  | -1) [potion of mutation]
103436 | Zig:19   | Lost mutation: You are robust. (+10% HP) [potion of
                  | mutation]
103436 | Zig:19   | Gained mutation: Your muscles are strong. (Str +4, Int/Dex
                  | -1) [potion of mutation]
103436 | Zig:19   | Gained mutation: You are strong-willed. (Will+) [potion of
                  | mutation]
103436 | Zig:19   | Gained mutation: You have hidden genetic potential. [potion
                  | of mutation]
103437 | Zig:19   | Lost mutation: You possess an exceptional clarity of mind.
                  | [potion of mutation]
103437 | Zig:19   | Lost mutation: You are strong-willed. (Will+) [potion of
                  | mutation]
103437 | Zig:19   | Lost mutation: Your muscles are strong. (Str +4, Int/Dex
                  | -1) [potion of mutation]
103437 | Zig:19   | Gained mutation: You are clumsy. (Dex -2) [potion of
                  | mutation]
103437 | Zig:19   | Lost mutation: You are clumsy. (Dex -2) [potion of
                  | mutation]
103438 | Zig:19   | Lost mutation: You have hidden genetic potential. [potion
                  | of mutation]
103438 | Zig:19   | Lost mutation: Your spells are a little easier to cast, but
                  | a little less powerful. [potion of mutation]
103438 | Zig:19   | Lost mutation: You are dopey. (Int -2) [potion of mutation]
103438 | Zig:19   | Gained mutation: Your muscles are strong. (Str +4, Int/Dex
                  | -1) [potion of mutation]
103438 | Zig:19   | Gained mutation: Your system is resistant to poisons.
                  | (rPois) [potion of mutation]
103438 | Zig:19   | Gained mutation: You have hidden genetic potential. [potion
                  | of mutation]
103438 | Zig:19   | Gained mutation: Your flesh is very heat resistant. (rF++)
                  | [potion of mutation]
103449 | Zig:20   | Entered Level 20 of a ziggurat
103459 | Zig:20   | Noticed an ancient lich
103460 | Zig:20   | Noticed an ancient lich
103462 | Zig:20   | Killed an ancient lich
103462 | Zig:20   | Killed an ancient lich
103463 | Zig:20   | Noticed an ancient lich
103465 | Zig:20   | Reached skill level 5 in Fire Magic
103465 | Zig:20   | Noticed a dread lich
103469 | Zig:20   | Killed a dread lich
103477 | Zig:20   | Killed an ancient lich
103627 | Zig:20   | Identified the staff "Ajuaps" {rN+ rCorr Earth}
103632 | Zig:20   | Got Qereez's Folio of Actinic Beguiling
104265 | Tomb:2   | Noticed a royal mummy
104266 | Tomb:2   | Noticed a royal mummy
104266 | Tomb:2   | Noticed a royal mummy
104266 | Tomb:2   | Noticed a royal mummy
104266 | Tomb:2   | Noticed a royal mummy
104268 | Tomb:2   | Killed a royal mummy
104268 | Tomb:2   | Killed a royal mummy
104268 | Tomb:2   | Killed a royal mummy
104269 | Tomb:2   | Killed a royal mummy
104270 | Tomb:2   | Killed a royal mummy
104790 | Tomb:1   | Noticed a royal mummy
104790 | Tomb:1   | Noticed a royal mummy
104790 | Tomb:1   | Noticed a royal mummy
104791 | Tomb:1   | Killed a royal mummy
104792 | Tomb:1   | Killed a royal mummy
104792 | Tomb:1   | Killed a royal mummy
104792 | Tomb:1   | Noticed a royal mummy
104794 | Tomb:1   | Noticed a royal mummy
104796 | Tomb:1   | Killed a royal mummy
104798 | Tomb:1   | Killed a royal mummy
104919 | Tomb:1   | Noticed a royal mummy
104921 | Tomb:1   | Killed a royal mummy
104973 | Tomb:1   | Noticed a royal mummy
104974 | Tomb:1   | Killed a royal mummy
104992 | Tomb:1   | Noticed a royal mummy
104995 | Tomb:1   | Killed a royal mummy
105042 | Tomb:1   | Noticed a royal mummy
105044 | Tomb:1   | Killed a royal mummy
105059 | Tomb:1   | Noticed a royal mummy
105061 | Tomb:1   | Killed a royal mummy
105099 | Tomb:1   | Noticed a royal mummy
105102 | Tomb:1   | Killed a royal mummy
105183 | Tomb:1   | Noticed a royal mummy
105187 | Tomb:1   | Killed a royal mummy
105191 | Tomb:1   | Noticed a royal mummy
105194 | Tomb:1   | Killed a royal mummy
105301 | Tomb:1   | Noticed a royal mummy
105301 | Tomb:1   | Noticed a royal mummy
105301 | Tomb:1   | Noticed a royal mummy
105303 | Tomb:1   | Killed a royal mummy
105303 | Tomb:1   | Killed a royal mummy
105306 | Tomb:1   | Killed a royal mummy
105389 | Tomb:2   | Identified the +4 robe "Poucsegi" {rElec Will+ Str+2}
105389 | Tomb:2   | Noticed Boris
105391 | Tomb:2   | Killed Boris
105588 | Tomb:3   | Entered Level 3 of the Tomb of the Ancients
105597 | Tomb:3   | Reached skill level 10 in Fire Magic
105601 | Tomb:3   | Noticed a royal mummy
105601 | Tomb:3   | Noticed a royal mummy
105603 | Tomb:3   | Killed a royal mummy
105606 | Tomb:3   | Killed a royal mummy
105610 | Tomb:3   | Noticed a royal mummy
105611 | Tomb:3   | Killed a royal mummy
105611 | Tomb:3   | Noticed a royal mummy
105612 | Tomb:3   | Gained mutation: You are partially covered in iridescent
                  | scales. (AC +2) [hidden potential]
105613 | Tomb:3   | Killed a royal mummy
105616 | Tomb:3   | Noticed a royal mummy
105618 | Tomb:3   | Killed a royal mummy
105618 | Tomb:3   | Noticed a royal mummy
105622 | Tomb:3   | Killed a royal mummy
105625 | Tomb:3   | Noticed a royal mummy
105627 | Tomb:3   | Noticed a royal mummy
105627 | Tomb:3   | Noticed a royal mummy
105629 | Tomb:3   | Killed a royal mummy
105629 | Tomb:3   | Killed a royal mummy
105630 | Tomb:3   | Killed a royal mummy
105755 | Tomb:3   | Found the +12 glaive of Prune {freeze, Prune}
105853 | Tomb:3   | Got Pastre Gucuch's Compilation of Resurrection and
                  | Beckoning
106046 | Tomb:3   | Found the +7 great mace "Undeadhunter" {deathbane, rN+}
106054 | Tomb:3   | Identified the ring "Pacusergh" {Fire Stlth+}
106059 | Tomb:3   | Identified the +4 sling of Keddu {freeze, Dex+4}
106062 | Tomb:3   | Identified the +1 shortbow "Baoj" {freeze, *Corrode *Slow
                  | rPois Str+8}
106085 | Tomb:3   | Identified the +5 dagger "Ucyrasiu" {flame, ^Drain Int+5
                  | Dex+4}
106138 | Tomb:3   | Identified the +6 sling of Brawling {drain, rElec Str+2
                  | Dex-4}
106139 | Tomb:3   | Identified the staff of Iviuri {rN+ Dex+4 Necro}
106197 | Tomb:3   | Got a golden rune of Zot
106779 | Hell     | Entered the Vestibule of Hell
106779 | Hell     | Noticed Geryon
106785 | Hell     | Killed Geryon
106958 | Hell     | Found a gateway to the freezing wastes of Cocytus.
107063 | Hell     | Reached skill level 15 in Fire Magic
107184 | Hell     | Found a gateway to the decaying netherworld of Tartarus.
107266 | Hell     | Found a gateway to the ashen valley of Gehenna.
107405 | Hell     | Found a gateway to the Iron City of Dis.
107566 | Dis:1    | Entered Level 1 of the Iron City of Dis
107895 | Dis:2    | Learned a level 8 spell: Ignition
108470 | Dis:4    | Gained mutation: You have supernaturally acute eyesight.
                  | (SInv) [hidden potential]
108470 | Dis:4    | Lost mutation: You have hidden genetic potential. [hidden
                  | potential expressed]
109448 | Dis:7    | Entered Level 7 of the Iron City of Dis
110472 | Dis:7    | Noticed a juggernaut
110485 | Dis:7    | Killed a juggernaut
110644 | Dis:7    | Noticed Dispater
110653 | Dis:7    | Killed Dispater
110780 | Dis:7    | Identified the +8 falchion "Somol" {elec, *Corrode rC+ rN+
                  | Will+}
110783 | Dis:7    | Identified the +1 leather armour "Gyoneph" {MP+9 Slay+2}
110786 | Dis:7    | Got an iron rune of Zot
110790 | Dis:7    | Identified the +10 plate armour of Watamnon {rPois Int+4}
110988 | Dis:7    | Noticed a juggernaut
110991 | Dis:7    | Killed a juggernaut
111033 | Dis:7    | Noticed a juggernaut
111034 | Dis:7    | Killed a juggernaut
111638 | Dis:7    | Identified the +10 hand axe of an ossuary {freeze, Str+2
                  | Dex+3}
112031 | Geh:1    | Entered Level 1 of Gehenna
113487 | Geh:4    | Noticed an ancient lich
113488 | Geh:4    | Killed an ancient lich
113962 | Geh:6    | Noticed an ancient lich
113964 | Geh:6    | Killed an ancient lich
114445 | Geh:7    | Entered Level 7 of Gehenna
114818 | Geh:7    | Noticed the Serpent of Hell
114821 | Geh:7    | Killed the Serpent of Hell
114847 | Geh:7    | Identified the ring "Wibimuam" {Wiz ^Drain rCorr Str+7}
115642 | Geh:7    | Found the +13 sceptre of Asmodeus
115642 | Geh:7    | Noticed Asmodeus
115647 | Geh:7    | Killed Asmodeus
115720 | Geh:7    | Got an obsidian rune of Zot
116226 | Geh:7    | Identified the amulet "Etiottih" {Acrobat Harm Str+4 Dex+4}
116245 | Geh:7    | Identified the +6 orcbow of Faerph {flame, Int+3}
116263 | Geh:7    | Identified the amulet of the First People {Spirit Str+3}
116976 | Coc:1    | Entered Level 1 of Cocytus
117657 | Coc:3    | Paralysed by a wendigo for 1 turns
118429 | Coc:5    | Reached skill level 27 in Fire Magic
118435 | Coc:5    | Reached skill level 5 in Dodging
118856 | Coc:7    | Entered Level 7 of Cocytus
118998 | Coc:7    | Reached skill level 10 in Dodging
119345 | Coc:7    | Noticed Antaeus
119364 | Coc:7    | Killed Antaeus
119558 | Coc:7    | Got an icy rune of Zot
119759 | Coc:7    | Reached skill level 15 in Dodging
119920 | Coc:7    | Identified the +4 scimitar of Unilut {heavy, rElec Dex+3}
119938 | Coc:7    | Got the Atlas of Creation and Despair
120686 | Tar:1    | Entered Level 1 of Tartarus
121872 | Tar:4    | Noticed an ancient lich
121873 | Tar:4    | Killed an ancient lich
121873 | Tar:4    | Noticed an ancient lich
121874 | Tar:4    | Killed an ancient lich
121874 | Tar:4    | Noticed a dread lich
121874 | Tar:4    | Noticed a dread lich
121875 | Tar:4    | Noticed a dread lich
121876 | Tar:4    | Killed a dread lich
121877 | Tar:4    | Killed a dread lich
121877 | Tar:4    | Killed a dread lich
121877 | Tar:4    | Noticed a dread lich
121879 | Tar:4    | Paralysed by a dread lich for 4 turns
121883 | Tar:4    | Killed a dread lich
122345 | Tar:6    | Noticed an ancient lich
122346 | Tar:6    | Killed an ancient lich
122346 | Tar:6    | Noticed an ancient lich
122347 | Tar:6    | Killed an ancient lich
122471 | Tar:6    | Noticed a dread lich
122474 | Tar:6    | Killed a dread lich
122746 | Tar:7    | Entered Level 7 of Tartarus
122951 | Tar:7    | Noticed an ancient lich
122953 | Tar:7    | Killed an ancient lich
123349 | Tar:7    | Noticed an ancient lich
123350 | Tar:7    | Killed an ancient lich
123351 | Tar:7    | Noticed an ancient lich
123352 | Tar:7    | Noticed a dread lich
123353 | Tar:7    | Killed an ancient lich
123353 | Tar:7    | Killed a dread lich
123557 | Tar:7    | Noticed Ereshkigal
123562 | Tar:7    | Killed Ereshkigal
124077 | Tar:7    | Got a bone rune of Zot
124512 | Zot:1    | Entered Level 1 of the Realm of Zot
125443 | Zot:1    | Identified the +1 robe of Midnight {rF+ rC+}
126035 | Zot:2    | Noticed an orb of fire
126037 | Zot:2    | Killed an orb of fire
127964 | Zot:4    | Noticed an orb of fire
127966 | Zot:4    | Killed an orb of fire
128554 | Zot:5    | Entered Level 5 of the Realm of Zot
128947 | Zot:5    | Noticed a dread lich
128948 | Zot:5    | Killed a dread lich
128954 | Zot:5    | Noticed an orb of fire
128955 | Zot:5    | Killed an orb of fire
128957 | Zot:5    | Noticed a dread lich
128957 | Zot:5    | Noticed an orb of fire
128958 | Zot:5    | Killed a dread lich
128959 | Zot:5    | Killed an orb of fire
129033 | Zot:5    | Noticed a dread lich
129034 | Zot:5    | Killed a dread lich
129035 | Zot:5    | Noticed an orb of fire
129038 | Zot:5    | Killed an orb of fire
129038 | Zot:5    | Noticed an orb of fire
129038 | Zot:5    | Noticed an orb of fire
129039 | Zot:5    | Killed an orb of fire
129040 | Zot:5    | Killed an orb of fire
129293 | Zot:5    | Identified the +3 trident of the Incandescent {antimagic,
                  | Str+4}
129679 | Zot:5    | Got the Orb of Zot
129696 | Zot:4    | Noticed Pyral the pandemonium lord
129802 | Zot:1    | Noticed Gyligagg the pandemonium lord
129803 | Zot:1    | Killed Gyligagg the pandemonium lord
129841 | Depths:4 | Noticed Ikhlecyku the pandemonium lord
129843 | Depths:4 | Killed Ikhlecyku the pandemonium lord
130315 | D:8      | Reached skill level 27 in Dodging
130597 | D:$      | Escaped with the Orb!

Illustrated notes

Levels and vault maps discovered:
D:1:      minmay_arrival_hallway, layout_rooms, minmay_heptomino_w4
D:2:      layout_loops_ring, shapermc_ecumenical_altar_flowoftime,
          minmay_circle_x
D:3:      layout_basic, chequers_serial_rivers_micro_e,
          grunt_decor_mini_mirrors, chequers_serial_rivers_large_a,
          st_stairs_13, grunt_ministairs_11
D:4:      layout_loops_cross, grunt_temple_overflow_order_and_chaos_1,
          ebering_ghost_sewer_d, kennysheep_generic_room_16
D:5:      layout_cave_pools, chequers_temple_overflow_minitemple,
          amcnicky_altar_gilded, mainiacjoe_overflow_six_doors_small
D:6:      minmay_razor_zed, layout_rooms, nicolae_elyvilon_temple_path,
          serial_shops, shop
D:7:      layout_basic, nicolae_ashenzari_skybound
D:8:      layout_basic, enter_bailey_4
D:9:      nzn_winding_woodlands_large [nzn_winding_woodlands_5x5_default,
          nzn_winding_woodlands_5x15_pockets, nzn_winding_woodlands_hourglass,
          nzn_winding_woodlands_center_lodge,
          nzn_winding_woodlands_15x15_boxy_spiral,
          nzn_winding_woodlands_center_diamonds,
          nzn_winding_woodlands_5x5_checkerboard,
          nzn_winding_woodlands_5x15_pool,
          nzn_winding_woodlands_5x5_closed_star], layout_rooms,
          mainiacjoe_overflow_concentric_impassable,
          mainiacjoe_overflow_alcove_2, serial_shops, nicolae_shop_peninsula,
          nicolae_lakefront_shop, nicolae_shop_gaudy_bauble, shop,
          shop_fountains
D:10:     layout_irregular_city, nicolae_wu_jian_wuxing_cycle,
          david_lair_shrubbed, erik_orc_1, serial_bayou_pond_a,
          kennysheep_generic_room_5
D:11:     layout_loops_ring, serial_aquarium, aquarium_bridge_straight
          [aquarium_subvault_bridge, aquarium_subvault_balcony,
          aquarium_subvault_bridge, aquarium_subvault_wall],
          aquarium_bridge_long_separate [aquarium_subvault_window,
          aquarium_subvault_window, aquarium_subvault_bridge,
          aquarium_subvault_bridge, aquarium_subvault_bridge,
          aquarium_subvault_bridge], aquarium_window_2, aquarium_window_1,
          aquarium_view_2f, aquarium_view_2b, aquarium_pool_1, led_sif_pool
D:12:     kennysheep_kobold_lugonu_temple, layout_gridville,
          nicolae_shop_fire_sale [nicolae_sub_dead_trees]
D:13:     layout_loops_ring, david_vaults_5,
          ploomutoo_gammafunk_ghost_potion_laboratory, slow_altar_1, uniq_urug,
          uniq_nessos
D:14:     layout_gridville, chequers_garden
D:15:     hellmonk_depths_entry_around_the_bend, layout_loops_ring,
          gammafunk_ghost_mausoleum, serial_shops, nicolae_shop_peninsula,
          minivault_22, serial_bayou_lagoon_a, uniq_agnes, uniq_roxanne
Temple:   nicolae_temple_superstar
Lair:1:   layout_chaotic_city, uniq_grum
Lair:2:   layout_roguey, minmay_swamp_entry_worms, eino_house_with_fridge,
          infiniplex_staircase_pool_2, grunt_megastairs_4
Lair:3:   layout_roguey, nicolae_spider_entry_orb_guardian,
          infiniplex_staircase_pool, grunt_megastairs_3
Lair:4:   layout_hall_layers, slime_entry_1, grunt_megastairs_5
Lair:5:   cheibrodos_lair_end_hotspot, layout_long_grid,
          nicolae_quartered_pool_super, st_stairs_10, uniq_kirke
Swamp:1:  layout_basic_swamp, nicolae_swamp_bean_lake
Swamp:2:  layout_falls_marsh, nicolae_swamp_treefoil, swamp_pool_1_2,
          nicolae_swamp_oklob_treasure_island
Swamp:3:  layout_falls_marsh, lemuel_altar_in_water
Swamp:4:  swamp_alternative, layout_basic_swamp, swamp_pool_1_2
Spider:1: nicolae_spider_hilbert_zone_4 [nicolae_spider_hilbert_4_sides_2_open,
          nicolae_spider_hilbert_4_sides_1_open,
          nicolae_spider_hilbert_4_sides_1_open,
          nicolae_spider_hilbert_4_sides_1_open,
          nicolae_spider_hilbert_4_sides_1_open,
          nicolae_spider_hilbert_2_sides_1_open,
          nicolae_spider_hilbert_2_sides_1_open,
          nicolae_spider_hilbert_2_sides_1_open,
          nicolae_spider_hilbert_2_sides_1_open,
          nicolae_spider_hilbert_6_sides_1_open,
          nicolae_spider_hilbert_6_sides_1_open,
          nicolae_spider_hilbert_3_sides_1_open,
          nicolae_spider_hilbert_3_sides_1_open], gammafunk_ghost_tricky_traps,
          special_room [special_room_bee], nicolae_spider_bzzzt
Spider:2: layout_spider_delve, drop_trap
Spider:3: nicolae_spider_mines_1
Spider:4: guppyfry_spider_rune, gammafunk_ghost_grave
Slime:1:  layout_caves, cheibrodos_slime_lost_civilization_5
Slime:2:  layout_caves, basic_altar, cheibrodos_slime_lost_civilization_4,
          uniq_dissolution
Slime:3:  layout_caves
Slime:4:  layout_caves
Slime:5:  slime_pit_nicolae_block_by_block
Orc:1:    layout_diamond_mine, serial_shops, nicolae_shop_waterfront, shop,
          biasface_ghost_orc_armoury
Orc:2:    st_orc_congregation, layout_diamond_mine
Elf:1:    elf_arrival_002, layout_loops_corners,
          hangedman_elven_crosses_minicolossus, minivault_16, st_stairs_7
Elf:2:    elven_hall_of_blades_hangedman_original
          [nicolae_blade_entry_antechamber], layout_loops_corners, serial_shops,
          nicolae_shop_industrial_runoff, portal_ice_cave_entry_frozen_things,
          special_room [special_room_mythical_zoo], nicolae_wooded_promenade,
          minivault_16
Elf:3:    minmay_elf_hall_circle, layout_rooms, gammafunk_ghost_split,
          drop_trap, st_stairs_12
Vaults:1: nicolae_vaults_wine_cellar, nicolae_vaults_house_1,
          nicolae_vaults_asterisk, nicolae_vaults_library_corner,
          nicolae_vaults_oval_intersection, vaults_room_stairs_pillars,
          v_misc_27, hangedman_vaults_stagger,
          nicolae_vaults_trapezoid_lopsided_2, nicolae_vaults_little_squares_2,
          nicolae_vaults_specimen_jars, nicolae_vaults_sightless_eye,
          lightli_orcish_oven, nicolae_vaults_little_squares_6,
          nicolae_vaults_twisting_passages, layout_vaults_omnibox
Vaults:2: vaults_room_door_hall, vaults_room_grid, vaults_mumra_lcd,
          ontoclasm_vaults_misaligned, v_misc_23,
          minmay_crypt_entry_simple_walls, hangedman_vaults_unwind,
          nicolae_vaults_layer_cake_slice, vaults_dpeg_doors,
          nicolae_vaults_house_3, nicolae_vaults_shelves_hall,
          nicolae_vaults_two_Ls, ontoclasm_vaults_shuriken,
          nicolae_vaults_turnstiles, layout_vaults_ring, uniq_margery
Vaults:3: hangedman_vaults_corner_blocks, v_rooms_4,
          nicolae_vaults_off_center_swirl, v_pattern_2,
          grunt_vaults_hallway_long, nicolae_vaults_closet_pinwheel_6,
          vaults_mumra_minichess, v_misc_18, ontoclasm_vaults_twist,
          vaults_dpeg_cross, nicolae_vaults_variable_pillar_hall,
          nicolae_vaults_offset_grid_hallway_4, v_misc_8,
          nicolae_vaults_six-pack, nicolae_vaults_house_3,
          nicolae_vaults_diamond_2, layout_vaults_maze, serial_shops,
          nicolae_shop_window_shopping
Vaults:4: portal_desolation_entry_ruin, nicolae_vaults_triangles,
          nicolae_vaults_trapezoid_lopsided_3, vaults_mumra_hexcomb,
          nicolae_vaults_network_periphery, nicolae_vaults_house_3,
          vaults_room_pool, nicolae_vaults_tangram_2, v_misc_32, v_misc_16,
          nicolae_vaults_tetromino_T_2, nicolae_vaults_diamond_2,
          grunt_vaults_swirl, layout_vaults_omnigrid, uniq_boris
Vaults:5
Crypt:1:  layout_basic, grunt_megastairs_1
Crypt:2:  layout_regular_city, lemuel_upstairs_altar
Crypt:3:  grunt_crypt_end_deaths_head
Tomb:1
Tomb:2
Tomb:3
Depths:1: layout_cave_shapes, hell_entry, abyss_entry, nicolae_BIG_FREAKIN_CUBE,
          minivault_12
Depths:2: nooodl_heptagram, layout_cave_shapes, hellmouth_3,
          rand_demon_pan_entry_5, grunt_dithmenos_smoke, abyss_entry,
          hangedman_abyss_or_decor_stabs, minmay_staircase_windowed_small,
          serial_bayou_shore_b
Depths:3: minmay_the_grid_square_5x5_3x3 [minmay_the_grid_square_5x5_lines,
          minmay_the_grid_square_5x5_minivault,
          minmay_the_grid_square_5x5_checkered_statues,
          minmay_the_grid_square_5x5_n,
          minmay_the_grid_square_5x5_megaprize_diamond,
          minmay_the_grid_square_5x5_comb, minmay_the_grid_square_5x5_forky,
          minmay_the_grid_square_5x5_fat_x, minmay_the_grid_square_5x5_c],
          layout_long_grid, enter_ziggurat_e, abyss_entry,
          hangedman_tar_grid_catacomb, grunt_pan_entry_in_and_out,
          infiniplex_staircase_door_maze
Depths:4: grunt_bruiser_brothers, layout_gridlike, hell_entry,
          hangedman_decor_diamond_cutter, abyss_entry, uniq_josephina
Hell
Dis:1:    layout_regular_city, nicolae_dis_strange_trophy_room
Dis:2:    layout_subdivisions
Dis:3:    layout_jigsaw
Dis:4:    layout_jigsaw
Dis:5:    layout_subdivisions
Dis:6:    layout_gridville, evilmike_ambush [evilmike_ambush_outer_corners,
          evilmike_ambush_inner_basic]
Dis:7:    dis_grunt_layers
Geh:1:    layout_gehenna_lava_caves
Geh:2:    layout_gehenna_pools_triple
Geh:3:    layout_gehenna_lava_caves
Geh:4:    layout_gehenna_lava_caves
Geh:5:    layout_gehenna_lava_caves, nicolae_geh_single_fiery_grave
Geh:6:    layout_gehenna_pools_basic
Geh:7:    evilmike_geh
Coc:1:    nooodl_cocytus_jagged_cave
Coc:2:    layout_cocytus_delve
Coc:3:    layout_cocytus_water_paths
Coc:4:    layout_cocytus_water_paths
Coc:5:    layout_cocytus_delve
Coc:6:    layout_cocytus_water_paths
Coc:7:    coc_hangedman
Tar:1:    layout_cathedral_of_symmetry, nicolae_tar_cuneiform_two,
          lemuel_nasty_fountain
Tar:2:    layout_cathedral_of_symmetry
Tar:3:    layout_honeycomb, nicolae_tar_cuneiform_sun
Tar:4:    layout_grid_maze, nicolae_tar_cuneiform_city,
          nicolae_hells_leichenhalle
Tar:5:    layout_catacombs, nicolae_tar_cuneiform_city,
          nicolae_tar_cuneiform_bird
Tar:6:    hangedman_restless_catacombs
Tar:7:    tar_old
Zot:1:    layout_gridville
Zot:2:    layout_onion_interference, regret_index_zotdec_wing_it
Zot:3:    layout_twisted_circle, hangedman_zot_decor_checkerboard
Zot:4:    layout_gridlike, hangedman_zot_decor_slant
Zot:5:    layout_misc_corridors

Skill      XL: |  1  2  3  4  5  6  7  8  9 10 11 12 13 14 15 16 17 18 19 20 21 22 23 24 25 26 27 |
---------------+----------------------------------------------------------------------------------+-----
Fighting       | 2 3 4 5 7 8 10 14 17 18 20 23 25 27 | 27.0
Maces & Flails | 1 2 3 5 6 8 11 14 17 19 20 21 22 23 24 25 26 27 | 27.0
Spellcasting   | 10 13 15 16 18 19 22 23 24 26 27 | 27.0
Translocations | 7 11 15 17 18 27 | 27.0
Shapeshifting  | 5 8 14 16 25 | 25.0
Hexes          | 27 | 27.0
Fire Magic     | 27 | 27.0
Dodging        | 27 | 27.0
Evocations     | 3 |  3.6
Stealth        | |  0.6

Action                     |  1- 3 |  4- 6 |  7- 9 | 10-12 | 13-15 | 16-18 | 19-21 | 22-24 | 25-27 || total
---------------------------+-------+-------+-------+-------+-------+-------+-------+-------+-------++-------
  Melee: Club              |   102 |       |       |       |       |       |       |       |       ||   102
         Headbutt          |    17 |    28 |    40 |    89 |   187 |   136 |   104 |    92 |   396 ||  1089
         Whip              |    34 |   122 |       |       |       |       |       |       |       ||   156
         Dagger            |    15 |       |       |       |       |       |       |       |       ||    15
         Mace              |       |    56 |       |       |       |       |       |       |       ||    56
         Flail             |       |    25 |   223 |   259 |       |       |       |       |       ||   507
         Kick              |       |       |       |   140 |   277 |       |       |       |   208 ||   625
         Giant club        |       |       |       |   250 |   448 |   320 |     1 |       |       ||  1019
         Giant spiked club |       |       |       |       |   465 |   377 |  1423 |  1222 |  6277 ||  9764
  Throw: Dart              |       |     4 |    11 |    49 |   106 |     4 |       |       |       ||   174
         Throwing net      |       |       |       |     1 |     3 |     1 |       |       |       ||     5
   Cast: Manifold Assault  |       |       |       |       |       |    42 |   551 |   352 |  2168 ||  3113
 Invoke: Potion Petition   |       |       |       |       |     1 |     8 |     3 |     7 |    58 ||    77
  Evoke: Wand              |     1 |     7 |     2 |    21 |     9 |     8 |     3 |       |     4 ||    55
         Gell's gravitambo |       |       |       |       |     2 |     3 |     1 |       |       ||     6
         Lightning rod     |       |       |       |       |     4 |     4 |     3 |       |       ||    11
    Use: Scroll            |       |       |       |     8 |    23 |    23 |    11 |     4 |    32 ||   101
         Potion            |       |       |       |     3 |    18 |    12 |     5 |     2 |    53 ||    93
   Stab: Sleeping          |       |     4 |     2 |       |       |       |       |     1 |     4 ||    11
         Distracted        |       |       |     1 |     3 |     4 |     4 |     3 |     3 |    52 ||    70
         Held in net/web   |       |       |       |     2 |       |       |       |       |       ||     2
         Petrified         |       |       |       |       |     4 |       |       |       |       ||     4
         Invisible         |       |       |       |       |       |       |       |       |     3 ||     3
         Paralysed         |       |       |       |       |       |       |       |       |     1 ||     1
 Armour: Robe              |   111 |   145 |   167 |   351 |   787 |   632 |   656 |    62 |       ||  2911
         Skin              |       |       |       |       |       |       |       |   442 |  3209 ||  3651
  Dodge: Dodged            |    88 |    88 |   104 |   214 |   282 |   190 |   199 |   140 |  1166 ||  2471
   Form: Statue            |       |       |       |       |       |       |       |     1 |     1 ||     2
         Death             |       |       |       |       |       |       |       |       |     1 ||     1

Table legend: (Time is in decaauts)
 A = Elapsed time spent in this place.
 B = Non-inter-level travel time spent in this place.
 C = Inter-level travel time spent in this place.
 D = Time resting spent in this place.
 E = Time spent auto-exploring this place.
 F = Levels seen in this place.
 G = Mean time per level.
                   A        B        C        D        E       F      G
               +--------+--------+--------+--------+--------+-----+--------+
         Total | 163530 | 151540 |  11990 |   6250 | 120725 | 130 | 1257.9 |
       Dungeon |  20819 |  17446 |   3373 |   1695 |  12270 |  15 | 1387.9 |
        Temple |     22 |     13 |      9 |      0 |      0 |   1 |   22.0 |
          Lair |   7179 |   6469 |    710 |     50 |   5282 |   5 | 1435.8 |
         Swamp |   6642 |   6423 |    219 |    334 |   5514 |   4 | 1660.5 |
   Spider Nest |   9460 |   9231 |    229 |   1041 |   7259 |   4 | 2365.0 |
    Slime Pits |   7967 |   7389 |    578 |    532 |   5892 |   5 | 1593.4 |
  Orcish Mines |   3503 |   3246 |    257 |    605 |   1743 |   2 | 1751.5 |
   Elven Halls |   7215 |   6733 |    482 |    746 |   4592 |   3 | 2405.0 |
        Vaults |  13043 |  11521 |   1522 |    890 |   9315 |   5 | 2608.6 |
         Crypt |   6691 |   5849 |    842 |      0 |   5239 |   3 | 2230.3 |
          Tomb |   5537 |   4856 |    681 |      0 |   4267 |   3 | 1845.7 |
        Depths |   9676 |   8273 |   1403 |      0 |   7321 |   4 | 2419.0 |
          Hell |   1391 |   1191 |    200 |      0 |    937 |   1 | 1391.0 |
           Dis |   6599 |   6435 |    164 |     93 |   5644 |   7 |  942.7 |
       Gehenna |   7322 |   7093 |    229 |      0 |   6486 |   7 | 1046.0 |
       Cocytus |   5474 |   5218 |    256 |      0 |   4768 |   7 |  782.0 |
      Tartarus |   5428 |   5090 |    338 |      4 |   4704 |   7 |  775.4 |
           Zot |   7924 |   7436 |    488 |      0 |   6811 |   5 | 1584.8 |
         Abyss |   3205 |   3205 |      0 |     41 |   1039 |   4 |  801.2 |
   Pandemonium |  20647 |  20647 |      0 |    133 |  15862 |  16 | 1290.4 |
      Ziggurat |   4373 |   4373 |      0 |     55 |   3350 |  20 |  218.6 |
      Ice Cave |    846 |    846 |      0 |     13 |    602 |   1 |  846.0 |
    Desolation |   2554 |   2554 |      0 |     12 |   1822 |   1 | 2554.0 |
               +--------+--------+--------+--------+--------+-----+--------+

Top non-repeatable levels by time:
   Dis:7: 3812 daAuts
   Geh:7: 3732 daAuts
Spider:1: 3544 daAuts
  Tomb:1: 3463 daAuts
   Elf:2: 3310 daAuts
Vaults:1: 3083 daAuts
Depths:2: 2867 daAuts
 Crypt:3: 2825 daAuts
Vaults:5: 2690 daAuts
 Slime:5: 2684 daAuts
   Coc:7: 2669 daAuts
Vaults:4: 2566 daAuts
Desolation: 2554 daAuts
Depths:3: 2468 daAuts
    D:13: 2378 daAuts
